 Dungeon Crawl Stone Soup version 0.18-a0-1666-g3ea6f2b (webtiles) character file.

878076 xeno23 the Wrestler (level 27, -9/293 HPs)
             Began as a Troll Chaos Knight on Mar 29, 2016.
             Mangled by a great orb of eyes (15 damage)
             ... while paralysed by a giant eyeball
             ... in Pandemonium on Mar 31, 2016.
             The game lasted 09:30:08 (71965 turns).

xeno23 the Wrestler (Troll Chaos Knight)           Turns: 71965, Time: 09:30:09

Health: -9/293     AC:  9    Str: 35    XL:     27
Magic:  0/28       EV:  3    Int: -4 (9) God:    Xom [....*.]
Gold:   7371       SH:  0    Dex: 10    Spells: 10 memorised, 20 levels left

rFire  + + +     SeeInvis +       - Unarmed
rCold  + + +     Gourm    +     O - +2 robe {rC+ rF+}
rNeg   + + .     Faith    .     L - +8 large shield of Wasted Space {Str+2 SInv}
rPois  +         Spirit   +     S - -2 hat of the Alchemist {rElec rPois rF+ rC+ rN+ MR+ rMut rCorr}
rElec  +         Dismiss  .     d - +2 cloak {rPois}
rCorr  +         Reflect  .     (gloves unavailable)
rMut   +         Harm     .     (boots unavailable)
SustAt .                        y - amulet "Cagawemo" {Spirit rC+ Slay+6}
MR     +++..                    Y - ring "Cegav" {rF+ rN+}
Stlth  +.........               D - +5 ring of slaying

@: confused, paralysed, exhausted, about to teleport, slowed, lost intelligence,
repel missiles, extremely resistant to hostile enchantments, very unstealthy
A: unfitting armour, claws 3, repulsion field 1, blurry vision 1, dopey 1, fast
metabolism 3, gourmand, low mp 2, regeneration 2, screaming 1, shaggy fur 1,
tough skin 2
a: Renounce Religion
}: 7/15 runes: decaying, serpentine, slimy, silver, golden, demonic, magical


You were in Pandemonium.
You worshipped Xom.
You were a beloved toy of Xom.
You were very full.

You visited 11 branches of the dungeon, and saw 58 of its levels.
You visited Pandemonium 1 time, and saw 31 of its levels.
You visited the Abyss 1 time.
You also visited: Labyrinth, Trove, Ossuary, Bailey, Ice Cave and Volcano.

You collected 12611 gold pieces.
You spent 5240 gold pieces at shops.

Inventory:

Missiles
 B - 100 large rocks (quivered)
Armour
 d - a +2 cloak of poison resistance (worn)
 K - a +10 gold dragon armour
 L - the +8 large shield of Wasted Space (worn) {Str+2 SInv}
   (You took it off a daeva in Pandemonium)

   It affects your strength (+2).
   It lets you see invisible.
 O - a +2 robe of resistance (worn)
 S - the -2 hat of the Alchemist (worn) {rElec rPois rF+ rC+ rN+ MR+ rMut rCorr}
   (You found it on level 8 of the Lair of Beasts)

   It protects you from fire.
   It protects you from cold.
   It insulates you from electricity.
   It protects you from poison.
   It protects you from negative energy.
   It affects your resistance to hostile enchantments.
   It protects you from acid and corrosion.
   It protects you from mutation.
Jewellery
 g - an uncursed ring of flight
 y - the amulet "Cagawemo" (around neck) {Spirit rC+ Slay+6}
   (You took it off an ironbrand convoker on level 5 of the Vaults)

   [amulet of guardian spirit]

   It causes incoming damage to be split between your health and magic.
   It affects your accuracy and damage with ranged weapons and melee attacks
   (+6).
   It protects you from cold.
 D - a +5 ring of slaying (left claw)
 N - a +2 ring of strength {unknown}
 Y - the ring "Cegav" (right claw) {rF+ rN+}
   (You found it on level 6 of the Pits of Slime)

   [ring of protection from fire]

   It protects you from fire.
   It protects you from negative energy.
Wands
 h - a wand of hasting (4/9)
 n - a wand of hasting (0/9)
 o - a wand of heal wounds (8/9)
 E - a wand of digging (13/24)
 T - a wand of disintegration (11/24)
 Z - a wand of teleportation (1/9)
Scrolls
 c - 21 scrolls of amnesia
 f - 8 scrolls of recharging
 i - 6 scrolls of holy word
 j - 6 scrolls of teleportation
 k - 14 scrolls of magic mapping
 m - 28 scrolls of remove curse
 q - 9 scrolls of blinking
 r - 9 scrolls of fog
 u - 11 scrolls of fear
 w - 4 scrolls of silence
 P - 3 scrolls of summoning
 Q - 46 scrolls of identify
Potions
 a - 13 potions of might
 l - 14 potions of curing
 p - 11 potions of haste
 s - 6 potions of berserk rage
 t - 2 potions of cure mutation
 z - 7 potions of invisibility
 A - 4 potions of ambrosia
 F - 10 potions of agility
 H - 4 potions of cancellation
 I - 10 potions of lignification
 J - 3 potions of heal wounds
 R - 16 potions of brilliance
 U - 2 potions of magic
Miscellaneous
 x - a fan of gales
 G - 5 phantom mirrors
 M - a box of beasts
Comestibles
 b - 31 bread rations
 v - a slice of pizza
 C - 41 fruits
 W - 3 meat rations


   Skills:
 + Level 20.5 Fighting
 + Level 16.0 Throwing
 - Level 10.0 Armour
 - Level 17.0 Dodging
 - Level 1.8 Stealth
 + Level 18.4 Shields
 * Level 23.9 Unarmed Combat
 - Level 10.1 Spellcasting
 - Level 5.5 Charms
 - Level 8.5 Necromancy
 - Level 7.7 Translocations
 - Level 13.0 Transmutations
 - Level 5.1 Air Magic
 - Level 15.1 Earth Magic
 - Level 6.5 Evocations


You had 20 spell levels left.
You knew the following spells:

 Your Spells              Type           Power        Failure   Level  Hunger
a - Statue Form           Trmt/Erth      #........    14%         6    #######
b - Swiftness             Chrm/Air       #.......     6%          2    ###....
c - Portal Projectile     Tloc           #.....       3%          3    ####...
d - Animate Skeleton      Necr           N/A          1%          1    ##.....
e - Regeneration          Chrm/Necr      #.........   4%          3    ####...
f - Passwall              Trmt/Erth      #.........   1%          2    ###....
g - Blink                 Tloc           N/A          1%          2    ###....
h - Ice Form              Ice/Trmt       #.......     21%         4    #####..
r - Repel Missiles        Chrm/Air       #.....       6%          2    ###....
v - Apportation           Tloc           #.........   1%          1    ##.....


Dungeon Overview and Level Annotations

Branches:
Dungeon (15/15)            Temple (0/1) D:7            Lair (8/8) D:11
  Swamp (4/4) Lair:3        Snake (4/4) Lair:6        Slime (6/6) Lair:6
    Orc (2/2) D:9             Elf (3/3) Orc:2        Vaults (5/5) D:13
  Crypt (3/3) Vaults:3       Tomb (3/3) Crypt:3      Depths (5/5) D:15
    Zot (0/5) Depths:5

Altars:
Ashenzari
Cheibriados
Dithmenos
Elyvilon
Fedhas
Kikubaaqudgha
Makhleb
Nemelex Xobeh
Okawaru
Pakellas
Ru
Trog
Xom
Beogh
Jiyva

Shops:
D:4 =*   D:6 [   D:9 :   Orc:2 }=%(   Elf:1 (   Snake:3 !   Snake:4 %
Vaults:2 ?*=(}   Vaults:5 [*   Depths:4 :

Portals:
Hell: Depths:1 Depths:2 Depths:3 Depths:4 Depths:5
Abyss: Depths:4 Depths:5
Pandemonium: Depths:2 Depths:3
Ziggurat: Depths:1

Annotations:
Pan Mnoleg


Innate Abilities, Weirdness & Mutations

You are too large for most types of armour.
You have claws for hands.
Your metabolism is lightning-fast.
You like to eat raw meat.
You heal very quickly.
You are covered in fur (AC +1).
You have very tough skin (AC +2).
You are surrounded by a mild repulsion field (EV +2).
Scrolls take you a little longer to read.
You are dopey. (Int -2)
Your magical capacity is very low (-20% MP).
You occasionally shout uncontrollably at your foes.


Message History

The neqoxec misses you. The golden eye blinks at you.
You easily resist.
The cacodemon hits you!
* * * LOW HITPOINT WARNING * * *
The cacodemon hits you!
* * * LOW HITPOINT WARNING * * *
The golden eye blinks at you. You resist with almost no effort.
The golden eye blinks at you. You resist with some effort.
The cacodemon gestures at you. The bolt of energy hits you!
* * * LOW HITPOINT WARNING * * *
The cacodemon hits you!
* * * LOW HITPOINT WARNING * * *
The cacodemon barely misses you. The giant eyeball gazes at you.
You suddenly lose the ability to move!
The great orb of eyes bites you!
You die...
Xom snickers!

,** ,,..#.....#.....##* ....#
**, , .......,5.....G.*
*#...# * *, , ,
.....G..G.......,* #...#
,,...............*,##...# **
*, ,. #.... #...§.#####....#
,,
,****..##..G##..####........#
, ,,,
,.....GG55...........#..#
*,*,,
,,,.....G22253......#.##..#
*, , *
..#..53@#§.##....###.... ,***
,#..§4G#.$####..###.... **
,,* , #..§§5#...# #...#.....
**,* *,,
##...##...#*##.##..... * *
**, ,,,,#..$ ..... ###.^#...
, ,,,##.# .G.... ###..#... *
**,, .# *..###)##........ **
** ***, ##,* ,,,*###.........
,,,, * * , ** , *#.....#..#+#


You could see 3 cacodemons, a great orb of eyes, a shining eye (confused), a
sixfirhy, 2 neqoxecs, 2 giant eyeballs, 2 quasits, 3 golden eyes and 3 ufetubi.

Vanquished Creatures
  the Royal Jelly (Slime:6)
  A seraph (Pan)
  2 ancient liches
  Lom Lobon (Pan)
  Khufu (Tomb:3)
  Mennas (Depths:3)
  Mara (Depths:4)
  28 greater mummies
  5 pandemonium lords (Pan)
  Sojobo (Depths:2)
  Boris (Depths:3)
  Frederick (Vaults:3)
  Margery (Crypt:2)
  Norris (Depths:3)
  A curse toe (Crypt:3)
  Saint Roka (Snake:2)
  5 golden dragons
  Nikola (Depths:3)
  2 bone dragons
  2 Tzitzimimeh (Pan)
  Jory (Depths:2)
  2 pearl dragons (Pan)
  Jorgrun (Snake:4)
  11 liches
  2 tentacled monstrosities
  A Hell Sentinel (Pan)
  2 deep elf blademasters (Elf:3)
  Rupert (Lair:8)
  A quicksilver dragon (Vaults:5)
  15 Ice Fiends
  The ghost of mdfi the Markself, an adept HEVM of Fedhas (Elf:2)
  2 deep elf master archers (Elf:3)
  5 titans
  13 acid blobs
  A tentacled starspawn (Abyss:3)
  10 Executioners (Pan)
  3 thorn hunters
  13 ancient champions
  5 shadow dragons
  15 sphinxes
  Gastronok (D:10)
  2 revenants
  Roxanne (Snake:3)
  A storm dragon (Vaults:5)
  8 azure jellies
  12 tengu reavers
  8 fire giants
  5 greater nagas
  18 daevas (Pan)
  Wiglaf (Vaults:1)
  Donald (Elf:2)
  3 iron dragons
  6 warmongers (Pan)
  20 vault wardens
  10 frost giants
  7 corrupters (Pan)
  8 deep elf sorcerers
  Louise (Elf:3)
  5 chaos champions (Pan)
  A draconian zealot (Depths:5)
  Aizul (Snake:3)
  18 cacodemons
  2 ghost moths (Depths:2)
  A war gargoyle (Vaults:5)
  A curse skull (Crypt:3)
  11 balrugs
  6 deep elf elementalists
  30 angels (Pan)
  29 ironheart preservers
  6 reapers (Pan)
  A draconian caller (Depths:5)
  A caustic shrike skeleton (Crypt:2)
  A draconian annihilator (Pan)
  17 very ugly things
  21 stone giants
  8 blood saints (Pan)
  3 salamander stormcallers
  2 bennus (Tomb:3)
  2 green draconians (Depths:5)
  15 ophanim (Pan)
  9 vampire knights
  16 deep elf annihilators
  2 yellow draconians (Depths:5)
  8 lorocyprocas (Pan)
  A mottled draconian (Depths:5)
  A red draconian (Depths:5)
  4 eidola
  10 deep elf demonologists
  26 apis (Pan)
  9 black suns (Pan)
  12 green deaths (Pan)
  8 deep elf death magi
  41 vault guards
  15 blizzard demons (Pan)
  A minotaur (Lab)
  15 ettins
  4 death oozes
  The ghost of simok the Bludgeoner, a journeyman CeHu of Okawaru (Lair:6)
  22 mummy priests
  8 deep elf high priests
  14 great orbs of eyes
  2 crystal guardians
  A merfolk impaler (Depths:3)
  12 fire dragons
  7 jiangshi
  6 rakshasas
  21 yaktaur captains
  13 hydras
  8 ice dragons
  A quicksilver dragon skeleton (Crypt:2)
  13 naga warriors
  Harold (Lair:3)
  9 ogre magi
  3 entropy weavers
  Fannar (Lair:2)
  5 hell beasts (Pan)
  11 monstrous demonspawn (Pan)
  An alligator snapping turtle (Depths:3)
  11 centaur warriors
  6 anacondas
  A ghost crab (Swamp:4)
  2 catoblepae
  A spriggan air mage (Depths:5)
  A death knight (Crypt:1)
  26 dancing weapons
  8 alligators
  10 deep troll shamans
  5 orc high priests (Orc:2)
  A queen ant (Lair:3)
  7 tengu warriors
  9 deep troll earth magi
  11 death yaks (Lair:8)
  8 vampire magi
  A thrashing horror (Abyss:3)
  2 holy swine (Pan)
  3 spriggan berserkers
  22 hell knights
  35 large abominations
  27 deep elf knights
  9 shock serpents
  27 sun demons
  The ghost of simok the Carver, a novice HaBe of Trog (D:8)
  35 skeletal warriors
  12 naga sharpshooters
  5 fire crabs
  A storm dragon zombie (Tomb:2)
  24 soul eaters
  4 hell hogs (Pan)
  2 iron trolls
  A wretched star (Abyss:3)
  A salamander mystic (Snake:3)
  7 wizards
  4 titan skeletons
  10 shadow wraiths
  20 death scarabs
  8 small abominations
  2 unseen horrors
  A golden dragon zombie (Crypt:1)
  2 sea snakes (Snake:3)
  17 cherubim (Pan)
  5 naga ritualists
  7 shadow demons (Pan)
  A death drake (shapeshifter) (Vaults:3)
  17 infernal demonspawn (Pan)
  11 gelid demonspawn (Pan)
  19 putrid demonspawn (Pan)
  Pikel (D:6)
  8 giant orange brains
  10 flayed ghosts
  2 shambling mangroves
  3 hill giants
  40 deep trolls
  3 spriggan druids (Swamp:4)
  2 lindwurms
  10 swamp dragons
  9 torturous demonspawn (Pan)
  11 ironbrand convokers
  20 orc knights
  A lindwurm (shapeshifter) (Vaults:5)
  16 phantasmal warriors
  A harpy (shapeshifter) (Depths:2)
  20 deep elf archers
  A giant orange brain (shapeshifter) (Vaults:2)
  25 anubis guards
  6 mana vipers
  An oklob plant (Lair:3)
  A mana viper (shapeshifter) (Vaults:3)
  An iron dragon zombie (Abyss:3)
  2 stone giant zombies (Tomb:1)
  38 ugly things
  A faun (shapeshifter) (Depths:2)
  6 orc sorcerers
  92 deep elf magi
  4 wolf spiders
  A shadow dragon skeleton (Crypt:3)
  3 hornets (Vaults:4)
  A cyclops (shapeshifter) (Vaults:2)
  8 necromancers
  2 fauns
  2 fire giant skeletons
  7 griffons
  The ghost of JohnFord the Destroyer, a novice SpCj of Vehumet (D:7)
  14 salamanders
  4 shining eyes
  2 cyclopes
  3 iron dragon skeletons
  2 manticores
  A moth of wrath (Vaults:5)
  27 sixfirhies (Pan)
  3 human skeletons
  Joseph (D:10)
  18 vault sentinels
  15 elephants
  24 black mambas
  16 orange demons (Pan)
  2 rust devils (Pan)
  3 stone giant skeletons
  A guardian serpent (shapeshifter) (Vaults:3)
  2 eyes of devastation
  A torpor snail (Lair:6)
  2 ice statues (IceCv)
  37 naga magi
  2 kobold demonologists (Vaults:1)
  28 smoke demons
  23 spiny frogs
  A yaktaur (shapeshifter) (Vaults:4)
  2 dire elephant skeletons
  8 demonic crawlers (Pan)
  2 komodo dragons (shapeshifter)
  33 yaktaurs
  5 freezing wraiths
  15 komodo dragons
  2 anaconda simulacra (IceCv)
  An efreet (Pan)
  5 hellions (Pan)
  4 tormentors (Pan)
  28 guardian mummies
  2 rime drakes
  A catoblepas skeleton (Crypt:1)
  14 hellwings (Pan)
  8 ice devils (IceCv)
  20 red devils
  3 ancient zymes (Abyss:3)
  A queen bee (shapeshifter) (D:15)
  3 tengu conjurers
  A harpy zombie (Crypt:2)
  A golden dragon simulacrum (IceCv)
  A wolf spider simulacrum (Crypt:1)
  2 queen ant zombies (Crypt:3)
  A wind drake (shapeshifter) (Vaults:4)
  3 jumping spiders
  10 trolls
  A moth of wrath zombie (Crypt:2)
  3 raiju
  11 two-headed ogres
  10 polar bears
  Grinder (D:6)
  8 boulder beetles
  A raiju (shapeshifter) (Vaults:3)
  2 deep troll zombies
  6 giant leeches
  85 slime creatures
  10 bog bodies
  18 ushabtiu
  4 blink frogs (Lair:5)
  A fire dragon skeleton (Crypt:1)
  4 spriggans
  4 alligator skeletons
  50 flying skulls
  22 ynoxinuls
  A tarantella (shapeshifter) (Vaults:2)
  5 fire elementals
  10 shadows
  2 tarantellas (Vaults:3)
  An ice dragon skeleton (Tomb:1)
  6 air elementals
  7 vampires (Depths:4)
  19 redbacks
  12 wraiths
  45 yaks
  A wyvern (Lair:3)
  2 humans (shapeshifter)
  10 water elementals
  Eustachio (D:6)
  An ettin skeleton (Crypt:3)
  10 fire bats
  8 golden eyes
  A basilisk (shapeshifter) (Depths:4)
  4 basilisks
  A golden eye (shapeshifter) (Elf:2)
  A yak (shapeshifter) (Lair:1)
  7 hippogriffs
  15 neqoxecs
  43 vampire mosquitoes
  A yaktaur simulacrum (Vaults:2)
  3 hungry ghosts
  20 chaos spawn
  5 mottled dragons
  4 harpy simulacra (IceCv)
  A hill giant skeleton (Crypt:2)
  19 wargs
  15 swamp worms
  A spatial vortex (Depths:5)
  Edmund (D:6)
  An infernal demonspawn zombie (Crypt:1)
  41 nagas
  6 soldier ants
  A soldier ant (shapeshifter) (Elf:3)
  A porcupine (shapeshifter) (Depths:4)
  7 hell hounds
  3 hydra simulacra (IceCv)
  15 water moccasins
  A monstrous demonspawn skeleton (Crypt:3)
  9 porcupines
  An ettin simulacrum (Tomb:1)
  42 orc warriors
  10 sky beasts
  13 wasps
  A slave (D:6)
  A spiny frog skeleton (Crypt:1)
  A snapping turtle zombie (Abyss:3)
  11 swamp drakes
  2 necrophages
  An ogre (shapeshifter) (Vaults:3)
  14 black bears
  4 eyes of draining
  13 ice beasts
  4 phantoms
  A black mamba simulacrum (Tomb:1)
  14 boggarts
  47 ogres
  2 manticore zombies
  A tengu (shapeshifter) (Vaults:1)
  22 wolves
  A boggart (shapeshifter) (Vaults:2)
  15 crocodiles
  24 centaurs
  An anubis guard skeleton (Crypt:3)
  An orc skeleton (Vaults:2)
  A crocodile (shapeshifter) (Vaults:2)
  A manticore skeleton (Crypt:3)
  8 big kobolds
  21 giant frogs
  A tengu simulacrum (Depths:1)
  An ogre simulacrum (Vaults:1)
  A water moccasin skeleton (D:8)
  3 scorpions
  7 killer bees
  A snapping turtle simulacrum (Crypt:1)
  A troll skeleton (Crypt:2)
  32 wights
  An electric eel (Snake:3)
  6 howler monkeys
  3 spriggan skeletons (D:10)
  3 centaur zombies
  5 crimson imps
  3 quasits
  3 human simulacra
  12 starcursed masses (Abyss:3)
  A hound (shapeshifter) (Vaults:4)
  13 hounds
  10 human zombies (Depths:4)
  An iron imp (Depths:2)
  24 orc wizards
  Crazy Yiuf (D:4)
  6 centaur skeletons
  35 orc priests
  3 giant frog zombies
  14 jellies
  A giant frog skeleton (D:5)
  A hell rat (Lair:1)
  10 iguanas
  Terence (D:2)
  31 worker ants
  2 lightning spires (Elf:1)
  4 sheep (Lair:1)
  A naga zombie (Crypt:3)
  A dwarf zombie (Crypt:2)
  A hound zombie (D:6)
  A dwarf skeleton (Crypt:1)
  3 hound skeletons
  51 mummies
  13 adders
  11 gnolls
  54 river rats
  3 shadow imps
  A steam dragon skeleton (Crypt:1)
  A white imp (Vaults:2)
  2 giant eyeballs
  An ufetubus (Vaults:2)
  2 oozes (D:1)
  An iguana zombie (Crypt:3)
  3 adder zombies
  An iguana skeleton (Crypt:3)
  2 worms (D:3)
  A ball lightning (Elf:1)
  5 dart slugs
  3 giant geckos
  99 orcs
  2 ball pythons
  A ball python (shapeshifter) (Depths:2)
  6 bats
  4 giant cockroaches
  14 goblins
  12 hobgoblins
  8 jackals
  43 kobolds
  3 quokkas
  A giant gecko zombie (D:5)
  3 giant newts
  2 hobgoblin skeletons (Ossuary)
  6 hobgoblin zombies
  A jackal skeleton (Crypt:1)
  2 kobold zombies (Ossuary)
  An orc zombie (D:4)
  A quokka zombie (D:9)
  4 rats
  2 crawling corpses (Elf:3)
  A lost soul (Crypt:3)
  3 plants
  2 starspawn tentacles (Abyss:3)
3529 creatures vanquished.

Vanquished Creatures (collateral kills)
  A fire giant (Depths:3)
  An angel (Pan)
  A naga warrior (Snake:3)
  4 hydras (Swamp:4)
  An ogre mage (Vaults:3)
  A deep elf knight (Elf:2)
  A spriggan druid (Swamp:4)
  A wizard (Elf:2)
  A phantasmal warrior (Crypt:3)
  A salamander (Snake:4)
  An ugly thing (Depths:3)
  A black mamba (Snake:3)
  An orange demon (Pan)
  A komodo dragon (Lair:1)
  A slime creature (Slime:2)
  2 yaks
  A golden eye (Slime:6)
  A chaos spawn (Pan)
  An orc warrior (D:11)
  Purgy (D:3)
  A hound (D:11)
  An ooze (D:5)
  2 orcs
  2 goblins (D:5)
  A hobgoblin (D:5)
  A kobold (Bailey)
32 creatures vanquished.

Vanquished Creatures (others)
  A pandemonium lord (Pan)
  An eldritch tentacle (Pan)
  An ancient champion (Tomb:2)
  A frost giant (Vaults:4)
  A vault warden (Vaults:5)
  A deep elf elementalist (Elf:3)
  A vampire knight (Depths:3)
  A deep elf annihilator (Pan)
  2 mummy priests (Tomb:3)
  2 spriggan air magi (Pan)
  A hydra (Swamp:4)
  5 dancing weapons
  2 deep elf knights (Elf:2)
  A hell knight (Vaults:5)
  A death scarab (Tomb:2)
  2 deep trolls
  An ironbrand convoker (Vaults:5)
  7 anubis guards (Tomb:3)
  2 wizards (Pan)
  2 yaktaurs (Depths:3)
  A hellwing (Pan)
  3 guardian mummies (Tomb:3)
  A jumping spider (Vaults:3)
  A small abomination (Vaults:5)
  A harpy zombie (Tomb:3)
  A red devil (Pan)
  2 ushabtiu
  3 flying skulls
  An ice dragon skeleton (Tomb:2)
  An alligator zombie (Tomb:2)
  An ettin zombie (Tomb:2)
  2 yaks (D:5)
  2 redbacks (Vaults:3)
  A soldier ant (shapeshifter) (Vaults:5)
  4 orc warriors
  A swamp drake (Swamp:4)
  A slave (D:6)
  A snapping turtle zombie (Tomb:2)
  3 ogres
  2 boggarts
  A centaur skeleton (D:6)
  2 orc wizards (D:6)
  11 mummies
  3 ball lightnings
  3 orcs (Vaults:5)
  A crawling corpse (Elf:3)
  120 eldritch tentacle segments (Pan)
  6 fungi
  10 lost souls
  19 plants
  2 starspawn tentacles (Abyss:3)
  8 starspawn tentacle segments (Abyss:3)
255 creatures vanquished.

Grand Total: 3816 creatures vanquished

Notes
Turn   | Place    | Note
--------------------------------------------------------------
     0 | D:1      | xeno23 the Troll Chaos Knight began the quest for the Orb.
     0 | D:1      | Reached XP level 1. HP: 22/22 MP: 0/0
   138 | D:1      | Reached XP level 2. HP: 25/29 MP: 1/1
   322 | D:1      | XOM: harmless Air miscast
   323 | D:1      | XOM: potion effect (berserk rage)
   329 | D:1      | Reached XP level 3. HP: 36/36 MP: 2/2
   898 | D:2      | Noticed Terence
   914 | D:2      | Killed Terence
   954 | D:2      | Reached XP level 4. HP: 45/45 MP: 3/3
  1161 | D:2      | Reached skill level 4 in Unarmed Combat
  1600 | D:3      | Found a shattered altar of Ashenzari.
  1793 | D:3      | Found a burning altar of Makhleb.
  1793 | D:3      | Found a white marble altar of Elyvilon.
  1852 | D:3      | Found an oddly glowing altar of Pakellas.
  1877 | D:3      | Noticed Purgy
  1882 | D:3      | XOM: noise
  1883 | D:3      | XOM: summons 4 friendly demons
  1890 | D:3      | Killed Purgy
  1890 | D:3      | Reached XP level 5. HP: 37/53 MP: 4/4
  2035 | D:3      | XOM: god gift: scroll labeled LOMEEN UFFOI
  2082 | D:3      | Found an iron altar of Okawaru.
  2083 | D:3      | Found a blossoming altar of Fedhas.
  2087 | D:3      | Found a shadowy altar of Dithmenos.
  2234 | D:4      | Found Puptuo Sahi's Jewellery Shop.
  2234 | D:4      | XOM: cast spell 'Dragon Form'
  2312 | D:4      | Reached XP level 6. HP: 61/61 MP: 5/5
  2314 | D:4      | XOM is BORED!
  2314 | D:4      | XOM: give mutation
  2314 | D:4      | Gained mutation: You are agile. (Dex +2) [Xom's mischief]
  2331 | D:4      | Found Oluowk's Assorted Antiques.
  2398 | D:4      | XOM: scenery: create altars
  2403 | D:4      | XOM: vitrification
  2467 | D:4      | Noticed Crazy Yiuf
  2492 | D:4      | XOM: god gift: scroll labeled WIMYAM VEXT
  2548 | D:4      | XOM: god gift: fluorescent wand {god gift}
  2563 | D:4      | XOM: destruction
  2575 | D:4      | Killed Crazy Yiuf
  2598 | D:4      | XOM: god gift: scroll labeled WENGUVUEGE
  2693 | D:4      | XOM: god gift: distressingly furry robe {god gift}
  2694 | D:4      | Got a distressingly furry robe {god gift}
  2705 | D:4      | Identified the +1 robe "Gittylew" {rElec Str+5 Dex+3} (Xom gifted it to you on level 4 of the Dungeon)
  2747 | D:4      | XOM: repel stairs
  2754 | D:4      | Reached skill level 5 in Unarmed Combat
  2968 | D:5      | Entered Level 5 of the Dungeon
  2971 | D:5      | Noticed a yak
  2972 | D:5      | Noticed a yak
  2973 | D:5      | Noticed a yak
  2973 | D:5      | Noticed a yak
  2973 | D:5      | Noticed an orc warrior
  2977 | D:5      | Noticed a sky beast
  2982 | D:5      | XOM: confuse monster(s)
  3013 | D:5      | Killed a sky beast
  3013 | D:5      | Reached XP level 7. HP: 48/68 MP: 6/6
  3078 | D:5      | Reached skill level 6 in Unarmed Combat
  3099 | D:5      | Noticed a yak
  3101 | D:5      | Noticed a yak
  3143 | D:5      | XOM: god gift: 49 gold pieces
  3149 | D:5      | Killed a yak
  3177 | D:5      | XOM: god gift: 12 sling bullets of flame
  3183 | D:5      | XOM: enchant monster (good)
  3184 | D:5      | Killed a yak
  3184 | D:5      | Reached skill level 1 in Stealth
  3184 | D:5      | Reached skill level 7 in Unarmed Combat
  3184 | D:5      | Reached XP level 8. HP: 53/78 MP: 7/7
  3190 | D:5      | XOM: summons friendly white imp
  3204 | D:5      | Reached skill level 8 in Unarmed Combat
  3204 | D:5      | XOM: divine lightning (protected)
  3230 | D:5      | XOM: polymorph white imp -> iron imp
  3306 | D:5      | Reached skill level 5 in Dodging
  3325 | D:5      | XOM: polymorph iron imp -> quasit
  3399 | D:5      | XOM: vitrification
  3587 | D:6      | XOM: confuse monster(s)
  3589 | D:6      | Noticed Pikel
  3594 | D:6      | Gained mutation: Your body sometimes deteriorates upon taking damage. [potion of mutation]
  3594 | D:6      | Gained mutation: You have large cloven feet. [potion of mutation]
  3594 | D:6      | Gained mutation: Your movements are slightly less encumbered by armour (ER -2). [potion of mutation]
  3615 | D:6      | Killed Pikel
  3615 | D:6      | Reached skill level 5 in Fighting
  3615 | D:6      | Reached skill level 9 in Unarmed Combat
  3615 | D:6      | Reached XP level 9. HP: 81/88 MP: 8/8
  3650 | D:6      | Noticed Grinder
  3657 | D:6      | Killed Grinder
  3679 | D:6      | XOM: 3-stop teleportation journey
  3695 | D:6      | Found Jythu's Armour Emporium.
  3763 | D:6      | Found a blossoming altar of Fedhas.
  3796 | D:6      | Noticed Eustachio
  3808 | D:6      | Killed Eustachio
  4014 | D:6      | Learned a level 2 spell: Repel Missiles
  4017 | D:6      | Learned a level 2 spell: Swiftness
  4217 | D:6      | Noticed Edmund
  4220 | D:6      | Killed Edmund
  4259 | D:6      | XOM: silly message
  4308 | D:6      | XOM: fake destruction
  4396 | D:4      | Bought a ruby potion for 21 gold pieces
  4396 | D:4      | Bought a scroll labeled ZOSSEENENI for 24 gold pieces
  4397 | D:4      | XOM: harmless Chrm miscast
  4404 | D:4      | Bought a worn bronze wand for 96 gold pieces
  4406 | D:4      | Bought a potion of lignification for 72 gold pieces
  4406 | D:4      | Bought a potion of agility for 96 gold pieces
  4453 | D:7      | Reached skill level 10 in Unarmed Combat
  4458 | D:7      | Reached skill level 1 in Charms
  4585 | D:7      | Found a sacrificial altar of Ru.
  4631 | D:7      | Found a staircase to the Ecumenical Temple.
  4633 | D:7      | XOM: noise
  4655 | D:7      | XOM: confuse monster(s)
  4749 | D:7      | XOM: potion effect (brilliance)
  4905 | D:7      | Noticed JohnFord's ghost (novice SpCj)
  4912 | D:7      | Killed JohnFord's ghost
  4928 | D:7      | Reached XP level 10. HP: 98/98 MP: 9/9
  5539 | D:8      | XOM: harmless Air miscast
  5596 | D:8      | Noticed simok's ghost (novice HaBe)
  5609 | D:8      | XOM: divination: detect items
  5613 | D:8      | XOM: divination: detect items
  5716 | D:8      | XOM: cast spell 'Ice Form'
  5719 | D:8      | XOM: cast spell 'Summon Small Mammal'
  5724 | D:8      | XOM: potion effect (berserk rage)
  5728 | D:8      | Killed simok's ghost
  5728 | D:8      | Reached skill level 11 in Unarmed Combat
  5729 | D:8      | Found a sand-covered staircase.
  5770 | Ossuary  | Entered an ossuary
  5961 | Ossuary  | XOM: smoke on damage
  6044 | D:8      | Gained mutation: You are frail (-10% HP). [potion of mutation]
  6044 | D:8      | Gained mutation: You are occasionally teleported next to monsters. [potion of mutation]
  6044 | D:8      | Gained mutation: Your mind is acute. (Int +2) [potion of mutation]
  6072 | D:8      | Found a snail-covered altar of Cheibriados.
  6240 | D:9      | XOM: confuse monster(s)
  6300 | D:9      | Found a staircase to the Orcish Mines.
  6343 | D:9      | XOM: 2-stop teleportation journey
  6345 | D:9      | Found Ucunwac's Book Shop.
  6423 | D:9      | XOM: noise
  6764 | D:9      | XOM: stat loss: -1 Dex (13/14)
  6903 | D:10     | Entered Level 10 of the Dungeon
  6907 | D:10     | XOM: give mutation
  6907 | D:10     | Lost mutation: You are frail (-10% HP). [Xom's mischief]
  6936 | D:10     | Gained mutation: You are robust (+10% HP). [potion of mutation]
  6957 | D:10     | Noticed a hill giant
  6965 | D:10     | XOM: cast spell 'Chain of Chaos'
  6970 | D:10     | XOM: blink monster(s)
  7019 | D:10     | XOM: blink monster(s)
  7025 | D:10     | XOM: noise
  7183 | D:10     | XOM: severe Erth miscast
  7235 | D:10     | Noticed Joseph
  7238 | D:10     | XOM: repel stairs
  7244 | D:10     | XOM: draining
  7245 | D:10     | Killed Joseph
  7245 | D:10     | Reached XP level 11. HP: 86/115 MP: 10/10
  7249 | D:10     | Noticed an unseen horror
  7250 | D:10     | XOM: blink monster(s)
  7252 | D:10     | XOM: confusion (+ monsters)
  7272 | D:10     | Killed an unseen horror
  7415 | D:10     | XOM: medium Trmt miscast
  7435 | D:10     | Noticed Gastronok
  7461 | D:10     | XOM: cast spell 'Spider Form'
  7469 | D:10     | XOM: cast spell 'Summon Ice Beast'
  7476 | D:10     | Killed Gastronok
  7476 | D:10     | Reached skill level 12 in Unarmed Combat
  7476 | D:10     | Reached skill level 5 in Charms
  7681 | D:11     | Found a staircase to the Lair.
  7733 | D:11     | Noticed a hill giant
  7738 | D:11     | Killed a hill giant
  7740 | D:11     | XOM: harmless Air miscast
  7905 | D:11     | Found Vurobbuj's Assorted Antiques.
  8017 | D:11     | XOM: confuse monster(s)
  8432 | Lair:1   | Entered Level 1 of the Lair of Beasts
  8438 | Lair:1   | XOM: polymorph spiny frog -> yak
  8452 | Lair:1   | XOM: confuse monster(s)
  8606 | Lair:1   | XOM: god gift: lumpy bone amulet {god gift}
  8732 | Lair:1   | XOM: divination: detect creatures
  8829 | Lair:1   | XOM: polymorph giant frog -> hell rat
  8893 | Lair:1   | Reached skill level 13 in Unarmed Combat
  9130 | Lair:1   | XOM: confuse monster(s)
  9328 | Lair:1   | XOM: god gift: 8 needles of sleeping
  9356 | Lair:1   | Learned a level 3 spell: Ozocubu's Armour
  9361 | Lair:1   | XOM: cast spell 'Ice Form'
  9455 | Lair:2   | Reached XP level 12. HP: 127/127 MP: 11/11
  9480 | Lair:2   | Noticed Fannar
  9504 | Lair:2   | Killed Fannar
  9512 | Lair:2   | Gained mutation: Your muscles are strong. (Str +2) [potion of mutation]
  9512 | Lair:2   | Gained mutation: Your flesh is cold resistant. [potion of mutation]
  9665 | Lair:2   | XOM: 2-stop teleportation journey
  9999 | Lair:2   | XOM: harmless Tloc miscast
 10153 | Lair:3   | Found a staircase to the Swamp.
 10177 | Lair:3   | XOM: harmless Hex miscast
 10260 | Lair:3   | Gained mutation: Your spells are a little harder to cast, but a little more powerful. [potion of mutation]
 10303 | Lair:3   | Noticed Harold
 10317 | Lair:3   | Killed Harold
 10321 | Lair:3   | Noticed an eight-headed hydra
 10332 | Lair:3   | Killed an eight-headed hydra
 10504 | Lair:3   | XOM: fog
 10575 | Lair:3   | XOM: vitrification
 10582 | Lair:3   | XOM: cast spell 'Death Channel'
 10670 | Lair:3   | Found a dark tunnel.
 10679 | Volcano  | Entered a volcano
 10723 | Volcano  | Reached skill level 14 in Unarmed Combat
 10787 | Volcano  | XOM: give mutations
 10787 | Volcano  | Gained mutation: You are somewhat resistant to further mutation. [Xom's grace]
 10787 | Volcano  | Gained mutation: You are resistant to hostile enchantments. [Xom's grace]
 10787 | Volcano  | Gained mutation: You have hoof-like feet. [Xom's grace]
 10787 | Volcano  | Gained mutation: You passively map a small area around you. [Xom's grace]
 10788 | Volcano  | XOM: potion effect (agility)
 10855 | Volcano  | XOM: mild Air miscast
 10916 | Volcano  | XOM: harmless Air miscast
 11210 | Lair:3   | Noticed a queen ant
 11276 | Lair:3   | XOM: potion effect (heal wounds)
 11278 | Lair:3   | XOM: fake destruction
 11281 | Lair:3   | Killed a queen ant
 11309 | Lair:3   | XOM: confusion
 11415 | Lair:4   | XOM: confusion
 11420 | Lair:4   | XOM: swap monsters
 11421 | Lair:4   | XOM: blink monster(s)
 11484 | Lair:4   | Reached XP level 13. HP: 140/143 MP: 12/12
 11553 | Lair:4   | Found a labyrinth entrance.
 11578 | Lab      | Entered a labyrinth
 12229 | Lab      | Noticed a minotaur
 12235 | Lab      | XOM: silly message
 12238 | Lab      | Killed a minotaur
 12248 | Lab      | Identified a +3 rod of clouds (10/10) (You found it in a labyrinth)
 12325 | Lair:4   | Identified a +0 rod of shadows (7/14) (You took it off a minotaur in a labyrinth)
 12474 | Lair:4   | XOM: noise
 12786 | Lair:5   | Reached skill level 15 in Unarmed Combat
 12904 | Lair:5   | XOM: medium Conj miscast
 13179 | Lair:5   | XOM: mild Chrm miscast
 13267 | Lair:5   | XOM: mild Divn miscast
 13338 | Lair:5   | XOM: give mutations
 13338 | Lair:5   | Lost mutation: You are somewhat resistant to further mutation. [Xom's mischief]
 13338 | Lair:5   | Lost mutation: Your mind is acute. (Int +2) [Xom's mischief]
 13338 | Lair:5   | Lost mutation: You are resistant to hostile enchantments. [Xom's mischief]
 13338 | Lair:5   | Lost mutation: Your body sometimes deteriorates upon taking damage. [Xom's mischief]
 13533 | Lair:6   | XOM: harmless Pois miscast
 13553 | Lair:6   | XOM: summons friendly shadow imp
 13563 | Lair:6   | XOM: divination: magic mapping
 13623 | Lair:6   | Found a staircase to the Snake Pit.
 13675 | Lair:6   | XOM: enchant monster (bad)
 13721 | Lair:6   | XOM: noise
 13965 | Lair:6   | Noticed simok's ghost (journeyman CeHu)
 13969 | Lair:6   | XOM: silly message
 13973 | Lair:6   | Killed simok's ghost
 14021 | Lair:6   | Found a staircase to the Slime Pits.
 14055 | Lair:6   | Found a viscous altar of Jiyva.
 14125 | Lair:6   | XOM is BORED!
 14125 | Lair:6   | XOM: medium Erth miscast
 14165 | Lair:6   | XOM: enchant monster (good)
 14202 | Lair:6   | XOM: noise
 14210 | Lair:6   | XOM: divine lightning (protected)
 14221 | Lair:6   | XOM: god gift: bread ration
 14309 | Lair:7   | XOM: divination: magic mapping
 14310 | Lair:7   | XOM: divination: magic mapping
 14437 | Lair:7   | XOM: god gift: sack of spiders
 14447 | Lair:7   | XOM: god gift: 5 needles of confusion
 14486 | Lair:7   | Reached skill level 1 in Evocations
 14519 | Lair:7   | XOM: blink monster(s)
 14585 | Lair:7   | XOM: blink monster(s)
 14599 | Lair:7   | XOM: polymorph elephant -> faun
 14617 | Lair:7   | XOM: polymorph porcupine -> centaur
 14639 | Lair:7   | XOM: confusion (+ monsters)
 14651 | Lair:7   | XOM: noise
 14678 | Lair:7   | Reached skill level 16 in Unarmed Combat
 14934 | Lair:7   | Reached skill level 10 in Dodging
 15035 | Lair:7   | Reached XP level 14. HP: 136/155 MP: 14/14
 15043 | Lair:7   | XOM: enchant monster (bad)
 15335 | Lair:7   | XOM: mild Trmt miscast
 15398 | Lair:8   | Entered Level 8 of the Lair of Beasts
 15430 | Lair:8   | XOM: silly message
 15526 | Lair:8   | Reached skill level 10 in Fighting
 15549 | Lair:8   | XOM: confuse monster(s)
 15928 | Lair:8   | Noticed Rupert
 15936 | Lair:8   | XOM: chaos cloud
 15940 | Lair:8   | Killed Rupert
 15998 | Lair:8   | XOM: summons 3 hostile shadow creatures
 16001 | Lair:8   | XOM: blink monster(s)
 16022 | Lair:8   | XOM: 3-stop teleportation journey
 16357 | Lair:8   | Found a shimmering altar of Xom.
 16588 | Lair:8   | XOM: confuse monster(s)
 16592 | Lair:8   | XOM: cast spell 'Ring of Flames'
 16617 | Lair:8   | XOM: potion effect (might)
 16618 | Lair:8   | Reached skill level 5 in Evocations
 16678 | Lair:8   | XOM: silly message
 17104 | D:12     | XOM: mild Tloc miscast
 17261 | D:12     | Found a flagged portal.
 17286 | Bailey   | Entered a bailey
 17338 | Bailey   | XOM: colour smoke trail
 17363 | Bailey   | XOM: enchant monster (good)
 17400 | Bailey   | XOM: mild Hex miscast
 17601 | D:12     | XOM: potion effect (agility)
 17605 | D:12     | Identified a scroll of acquirement
 17607 | D:12     | Got a brightly glowing shield
 17613 | D:12     | Identified the +4 shield of Contentment {rC++ MR+ Regen+ Int-2} (You acquired it on level 12 of the Dungeon)
 17655 | D:12     | Reached skill level 17 in Unarmed Combat
 17951 | D:7      | XOM: harmless Fire miscast
 17985 | D:7      | XOM: harmless Tloc miscast
 18013 | D:6      | Bought a +2 gold dragon armour for 1380 gold pieces
 18197 | D:13     | XOM: noise
 18208 | D:13     | XOM: divination: detect creatures
 18503 | D:13     | Reached skill level 1 in Throwing
 18529 | D:13     | Reached XP level 15. HP: 153/167 MP: 18/18
 18571 | D:13     | Got an ichor-stained large shield
 18577 | D:13     | Identified the +0 large shield of the Hare {rF+ Dex+4} (You acquired it on level 13 of the Dungeon)
 18611 | D:13     | Reached skill level 1 in Shields
 18625 | D:13     | Learned a level 1 spell: Apportation
 18627 | D:13     | Learned a level 1 spell: Animate Skeleton
 18681 | D:13     | XOM: silly message
 18697 | D:13     | Found a gate to the Vaults.
 18903 | D:14     | XOM: cast spell 'Summon Butterflies'
 18906 | D:14     | XOM: confuse monster(s)
 18927 | D:14     | XOM: divination: detect creatures
 19234 | D:14     | XOM: colour smoke trail
 19358 | D:14     | Learned a level 4 spell: Ice Form
 19506 | D:14     | XOM: cast spell 'Summon Horrible Things'
 19510 | D:14     | XOM: scenery: 1 doors open, 1 doors close
 19702 | D:15     | Entered Level 15 of the Dungeon
 19894 | D:15     | XOM: god gift: 9 poisoned arrows
 19999 | D:15     | XOM: swap monsters
 20088 | D:15     | XOM: summons friendly quasit
 20092 | D:15     | Found a staircase to the Depths.
 20097 | D:15     | XOM: smoke on damage
 20099 | D:15     | XOM: smoke on damage
 20113 | D:15     | XOM: enchant monster (bad)
 20120 | D:15     | Reached skill level 1 in Armour
 20296 | D:15     | XOM: enchant monster (good)
 20526 | D:15     | XOM: colour smoke trail
 20742 | Orc:1    | Entered Level 1 of the Orcish Mines
 20861 | Orc:1    | Found a roughly hewn altar of Beogh.
 21072 | Orc:2    | Entered Level 2 of the Orcish Mines
 21192 | Orc:2    | XOM: confusion (+ monsters)
 21368 | Orc:2    | Found a staircase to the Elven Halls.
 21449 | Orc:2    | XOM: noise
 21603 | Orc:1    | XOM: god gift: bread ration
 21665 | Orc:2    | Found Lifac's Food Emporium.
 21665 | Orc:2    | Found Pityceet's Weapon Shop.
 21735 | Orc:2    | XOM: harmless Ice miscast
 21741 | Orc:2    | XOM: silly message
 21747 | Orc:2    | XOM: mild Pois miscast
 21758 | Orc:2    | Found a roughly hewn altar of Beogh.
 21873 | Orc:2    | Found Fophos's Gadget Emporium.
 21873 | Orc:2    | Found Bupni's Jewellery Shop.
 21951 | Orc:2    | XOM: silly message
 22001 | Orc:1    | XOM: confuse monster(s)
 22005 | Orc:1    | XOM: potion effect (berserk rage)
 22088 | Orc:1    | XOM: medium Fire miscast
 22168 | Orc:1    | XOM: polymorph orc wizard -> giant eyeball
 22495 | Swamp:1  | Entered Level 1 of the Swamp
 22564 | Swamp:1  | XOM: summons friendly quasit
 22565 | Swamp:1  | XOM: enchant monster (good)
 22722 | Swamp:1  | XOM: 2-stop teleportation journey
 22727 | Swamp:1  | XOM: summons friendly quasit
 22737 | Swamp:1  | XOM is BORED!
 22737 | Swamp:1  | XOM: blink monster(s)
 22738 | Swamp:1  | XOM: divination: detect items
 22739 | Swamp:1  | XOM: summons friendly white imp
 22801 | Swamp:1  | XOM: divination: magic mapping
 23283 | Swamp:2  | Reached skill level 5 in Throwing
 23346 | Swamp:2  | XOM: god gift: weird runed rod {god gift}
 23348 | Swamp:2  | Identified a +2 rod of ignition (13/13) (Xom gifted it to you on level 2 of the Swamp)
 23394 | Swamp:2  | Found a frozen archway.
 23395 | Swamp:2  | XOM: summons friendly iron imp
 23423 | IceCv    | Entered an ice cave
 23485 | IceCv    | XOM: summons 5 friendly demons
 23513 | IceCv    | XOM: silly message
 23581 | IceCv    | Noticed an Ice Fiend
 23583 | IceCv    | XOM: harmless Conj miscast
 23586 | IceCv    | Killed an Ice Fiend
 23586 | IceCv    | Reached XP level 16. HP: 171/177 MP: 19/19
 23606 | IceCv    | XOM: silly message
 23787 | Swamp:2  | XOM: noise
 23795 | Swamp:2  | XOM: harmless Necr miscast
 24012 | Swamp:3  | XOM: confuse monster(s)
 24161 | Swamp:3  | Found a shimmering altar of Xom.
 24217 | Swamp:3  | Reached skill level 5 in Shields
 24291 | Swamp:3  | XOM: harmless Fire miscast
 24294 | Swamp:3  | XOM: summons 8 friendly demons
 24326 | Swamp:3  | XOM: divination: detect items
 24583 | Swamp:3  | XOM: harmless Chrm miscast
 24598 | Swamp:3  | XOM: mild Pois miscast
 24698 | Swamp:4  | Entered Level 4 of the Swamp
 24729 | Swamp:4  | XOM: enchant monster (good)
 24771 | Swamp:4  | XOM: noise
 24793 | Swamp:4  | XOM: cast spell 'Dispersal'
 24794 | Swamp:4  | HP: 10/267 [six-headed hydra[a spriggan druid] (9)]
 24805 | Swamp:4  | XOM: confusion
 24811 | Swamp:4  | HP: 7/178 [spriggan rider/uncursed spear (15)]
 24815 | Swamp:4  | Reached skill level 18 in Unarmed Combat
 24826 | Swamp:4  | XOM: destruction
 24912 | Swamp:3  | Noticed a thorn hunter
 24917 | Swamp:3  | XOM: divination: detect creatures
 24922 | Swamp:3  | Killed a thorn hunter
 25101 | Swamp:4  | HP: 2/178 [alligator (10)]
 25149 | Swamp:4  | XOM: cast spell 'Call Canine Familiar'
 25259 | Swamp:3  | XOM: cast spell 'Summon Butterflies'
 25279 | Swamp:3  | XOM: cast spell 'Hydra Form'
 25301 | Swamp:3  | XOM: harmless Pois miscast
 25391 | Swamp:4  | XOM: cast spell 'Shadow Creatures'
 25472 | Swamp:4  | Noticed a thorn hunter
 25626 | Swamp:4  | Killed a thorn hunter
 25631 | Swamp:4  | Noticed a thorn hunter
 25639 | Swamp:4  | Killed a thorn hunter
 25639 | Swamp:4  | Reached skill level 5 in Armour
 26041 | Swamp:4  | XOM: summons 6 friendly demons
 26189 | Swamp:4  | XOM: harmless Hex miscast
 26269 | Swamp:4  | XOM: colour smoke trail
 26312 | Swamp:4  | XOM: summons friendly ufetubus
 26315 | Swamp:4  | XOM: smoke on damage
 26332 | Swamp:4  | Got a decaying rune of Zot
 26567 | Swamp:1  | XOM: medium Fire miscast
 26696 | Snake:1  | Entered Level 1 of the Snake Pit
 26699 | Snake:1  | XOM: silly message
 26726 | Snake:1  | XOM: medium Pois miscast
 26974 | Snake:1  | XOM: god gift: 39 gold pieces
 27006 | Snake:1  | XOM: god gift: glowing robe {god gift}
 27149 | Snake:1  | XOM: snakes to sticks
 27206 | Snake:1  | XOM: divine lightning
 27267 | Snake:1  | XOM: confuse monster(s)
 27533 | Snake:1  | XOM: fog
 27537 | Snake:1  | XOM: swap monsters
 27538 | Snake:1  | XOM: swap monsters
 27580 | Snake:1  | XOM: 4-stop teleportation journey
 27709 | Snake:1  | XOM: give mutations
 27709 | Snake:1  | Gained mutation: Your muscles are very strong. (Str +4) [Xom's grace]
 27709 | Snake:1  | Gained mutation: You are somewhat resistant to further mutation. [Xom's grace]
 27709 | Snake:1  | Gained mutation: You have a pair of small horns on your head. [Xom's grace]
 27709 | Snake:1  | Gained mutation: You passively map the area around you. [Xom's grace]
 27722 | Snake:1  | XOM: polymorph black mamba -> salamander
 27724 | Snake:1  | Reached XP level 17. HP: 147/187 MP: 20/20
 27784 | Snake:1  | XOM: polymorph anaconda -> faun
 28006 | Snake:2  | XOM: 1-stop teleportation journey
 28052 | Snake:2  | XOM: enchant monster (bad)
 28280 | Snake:2  | XOM: vitrification
 28394 | Snake:2  | XOM: swap monsters
 28652 | Snake:3  | Found a runed door.
 28710 | Snake:3  | Found Fuariago's Distillery.
 28722 | Snake:3  | Bought a potion of cancellation for 128 gold pieces
 28722 | Snake:3  | Bought a potion of agility for 64 gold pieces
 28725 | Snake:3  | Noticed Roxanne
 28728 | Snake:3  | XOM: cast spell 'Summon Dragon'
 28733 | Snake:3  | XOM: polymorph naga ritualist -> fire crab
 28738 | Snake:3  | Noticed Aizul
 28747 | Snake:3  | Killed Aizul
 28755 | Snake:3  | XOM: potion effect (brilliance)
 28772 | Snake:3  | XOM: confuse monster(s)
 28785 | Snake:3  | XOM: summons friendly white imp
 28794 | Snake:4  | Entered Level 4 of the Snake Pit
 28796 | Snake:4  | XOM: divination: magic mapping
 29041 | Snake:4  | XOM: summons 3 friendly demons
 29078 | Snake:4  | XOM: confuse monster(s)
 29085 | Snake:3  | XOM: noise
 29087 | Snake:3  | XOM: summons friendly shadow imp
 29357 | Snake:3  | Noticed Saint Roka
 29358 | Snake:3  | XOM: noise
 29359 | Snake:3  | XOM: cast spell 'Confusing Touch'
 29363 | Snake:3  | XOM: noise
 29373 | Snake:3  | XOM: potion effect (curing)
 29604 | Snake:3  | XOM: smoke on damage
 29612 | Snake:3  | XOM: potion effect (curing)
 29618 | Snake:3  | XOM: divination: detect creatures
 29636 | Snake:3  | XOM: summons friendly quasit
 29711 | Snake:2  | XOM: vitrification
 29869 | Snake:3  | XOM: fog
 29887 | Snake:2  | Killed Saint Roka
 29927 | Snake:3  | XOM: divine lightning
 30097 | Snake:3  | Killed Roxanne
 30345 | Snake:3  | Bought 2 potions of curing for 96 gold pieces
 30345 | Snake:3  | Bought a potion of curing for 48 gold pieces
 30345 | Snake:3  | Bought a potion of curing for 48 gold pieces
 30345 | Snake:3  | Bought a potion of curing for 48 gold pieces
 30345 | Snake:3  | Bought a potion of haste for 160 gold pieces
 30345 | Snake:3  | Bought a potion of ambrosia for 128 gold pieces
 30509 | Snake:3  | XOM: noise
 30522 | Snake:3  | XOM: harmless Pois miscast
 30532 | Snake:3  | XOM: snakes to sticks
 30683 | Snake:4  | XOM: harmless Conj miscast
 30756 | Snake:4  | XOM: harmless Pois miscast
 30788 | Snake:4  | Noticed Jorgrun
 30795 | Snake:4  | Killed Jorgrun
 30927 | Snake:4  | XOM: colour smoke trail
 30979 | Snake:4  | Reached XP level 18. HP: 197/198 MP: 21/21
 30989 | Snake:4  | Found Gupos's Food Shop.
 31040 | Snake:4  | XOM: potion effect (brilliance)
 31049 | Snake:4  | XOM: divination: detect items
 31091 | Snake:4  | Bought a slice of pizza for 16 gold pieces
 31091 | Snake:4  | Bought a bread ration for 55 gold pieces
 31091 | Snake:4  | Bought a bread ration for 55 gold pieces
 31091 | Snake:4  | Bought a bread ration for 55 gold pieces
 31120 | Snake:4  | XOM: polymorph greater naga -> catoblepas
 31132 | Snake:4  | XOM: polymorph naga mage -> yak
 31136 | Snake:4  | XOM: summons 13 friendly demons
 31139 | Snake:4  | XOM: summons 3 friendly demons
 31226 | Snake:4  | Found a bloodstained altar of Trog.
 31240 | Snake:4  | XOM: colour smoke trail
 31315 | Snake:4  | XOM: harmless Ice miscast
 31406 | Snake:4  | XOM: colour smoke trail
 31522 | Snake:4  | XOM: silly message
 31528 | Snake:4  | XOM: mild Conj miscast
 31593 | Snake:4  | Got a serpentine rune of Zot
 31678 | Snake:4  | XOM: colour smoke trail
 31819 | Lair:5   | XOM: medium Ice miscast
 31896 | Lair:1   | Learned a level 6 spell: Statue Form
 32006 | Vaults:1 | Entered Level 1 of the Vaults
 32083 | Vaults:1 | XOM: harmless Tloc miscast
 32093 | Vaults:1 | XOM: medium Pois miscast
 32105 | Vaults:1 | Identified the Grimoire of Dark Arts and Illusion
 32111 | Vaults:1 | XOM: summons 5 friendly demons
 32119 | Vaults:1 | XOM: silly message
 32124 | Vaults:1 | XOM: medium Necr miscast
 32259 | Vaults:1 | Noticed Wiglaf
 32270 | Vaults:1 | Killed Wiglaf
 32419 | Vaults:1 | XOM: 3-stop teleportation journey
 32444 | Vaults:1 | XOM: 3-stop teleportation journey
 32619 | Vaults:1 | XOM: summons 9 hostile demons
 32645 | Vaults:1 | Reached skill level 10 in Throwing
 32674 | Vaults:1 | XOM: 4-stop teleportation journey
 32708 | Vaults:1 | XOM: confuse monster(s)
 32900 | Vaults:1 | XOM: chaos upgrade
 32914 | Vaults:1 | XOM: butterfly on damage
 33030 | Vaults:1 | XOM: harmless Erth miscast
 33039 | Vaults:1 | XOM: medium Conj miscast
 33062 | Vaults:1 | XOM: stat loss: -1 Dex (14/15)
 33064 | Vaults:1 | XOM: confusion (+ monsters)
 33088 | Vaults:1 | XOM: summons 7 hostile demons
 33242 | Vaults:1 | XOM: harmless Conj miscast
 33250 | Vaults:1 | Reached skill level 10 in Shields
 33397 | Vaults:2 | Found Remuded's Antique Weapon Emporium.
 33426 | Vaults:2 | XOM: cast spell 'Monstrous Menagerie'
 33428 | Vaults:2 | XOM: medium Erth miscast
 33447 | Vaults:2 | XOM: 5-stop teleportation journey
 33463 | Vaults:2 | XOM: noise
 33473 | Vaults:2 | XOM: potion effect (brilliance)
 33487 | Vaults:2 | XOM: enchant monster (good)
 33497 | Vaults:2 | XOM: divination: detect items
 33498 | Vaults:2 | XOM: summons 7 friendly demons
 33501 | Vaults:2 | Reached XP level 19. HP: 101/207 MP: 22/22
 33511 | Vaults:2 | Paralysed by a giant eyeball for 2 turns
 33520 | Vaults:2 | XOM: summons friendly white imp
 33558 | Vaults:2 | XOM: summons 9 friendly demons
 33803 | Vaults:2 | XOM: confuse monster(s)
 33814 | Vaults:2 | Reached skill level 10 in Armour
 33881 | Vaults:2 | XOM: harmless Fire miscast
 33960 | Vaults:2 | XOM: 1-stop teleportation journey
 33972 | Vaults:2 | XOM: potion effect (berserk rage)
 34256 | Vaults:2 | XOM: give mutations
 34256 | Vaults:2 | Lost mutation: You are robust (+10% HP). [Xom's mischief]
 34256 | Vaults:2 | Lost mutation: Your muscles are very strong. (Str +4) [Xom's mischief]
 34257 | Vaults:2 | Found Xeakhenom's Gadget Boutique.
 34257 | Vaults:2 | XOM: 3-stop teleportation journey
 34341 | Vaults:2 | XOM: enchant monster (good)
 34370 | Vaults:2 | XOM: enchant monster (good)
 34406 | Vaults:2 | XOM: 2-stop teleportation journey
 34539 | Vaults:2 | XOM: divination: detect creatures
 34606 | Vaults:2 | XOM: divination: detect creatures
 34645 | Vaults:2 | XOM: noise
 34691 | Vaults:2 | XOM: confuse monster(s)
 34702 | Vaults:2 | XOM: enchant monster (bad)
 34713 | Vaults:2 | Bought a wand of teleportation (5/9) for 459 gold pieces
 34758 | Vaults:2 | XOM: harmless Necr miscast
 34829 | Vaults:2 | Found Esesotz's Jewellery Boutique.
 34851 | Vaults:2 | Found Koleamaco's Magic Scroll Shoppe.
 34864 | Vaults:2 | Bought a scroll of recharging for 180 gold pieces
 34881 | Vaults:2 | Found Amyhist's Assorted Antiques.
 35029 | Vaults:3 | Upgraded the game from 0.18-a0-1649-g8d9735b to 0.18-a0-1666-g3ea6f2b
 35033 | Vaults:3 | You fall through a shaft!
 35162 | Vaults:4 | XOM: swap monsters
 35183 | Vaults:4 | XOM: divination: detect creatures
 35290 | Vaults:4 | XOM: swap monsters
 35385 | Vaults:3 | Found a flickering gateway to a bazaar.
 35557 | Vaults:2 | XOM: summons 4 hostile shadow creatures
 35648 | Vaults:2 | XOM: enchant monster (good)
 35678 | Vaults:3 | Paralysed by a great orb of eyes for 5 turns
 35689 | Vaults:3 | XOM: cast spell 'Death Channel'
 35722 | Vaults:3 | XOM: enchant monster (good)
 36001 | Vaults:3 | Reached XP level 20. HP: 183/202 MP: 23/23
 36003 | Vaults:3 | XOM: destruction
 36056 | Vaults:3 | XOM: potion effect (might)
 36059 | Vaults:3 | XOM: destruction
 36079 | Vaults:3 | XOM: summons friendly quasit
 36119 | Vaults:3 | Reached skill level 15 in Dodging
 36258 | Vaults:4 | XOM: scenery: 1 doors open, 1 doors close
 36303 | Vaults:4 | XOM: give mutation
 36303 | Vaults:4 | Gained mutation: You are partially covered in rugged brown scales (AC +1, +3% HP). [Xom's grace]
 36353 | Vaults:4 | XOM: scenery: 1 doors open, 3 doors close
 36756 | Vaults:4 | XOM: silly message
 36906 | Vaults:4 | XOM: god gift: 46 gold pieces
 37091 | Vaults:3 | XOM: divination: detect items
 37100 | Vaults:3 | XOM: confuse monster(s)
 37109 | Vaults:3 | XOM: god gift: glowing robe {god gift}
 37136 | Vaults:3 | XOM: summons 2 friendly demons
 37141 | Vaults:3 | XOM: confuse monster(s)
 37160 | Vaults:3 | XOM: summons 2 friendly demons
 37209 | Vaults:3 | XOM: confuse monster(s)
 37269 | Vaults:3 | XOM: fog
 37469 | Vaults:3 | XOM: swap monsters
 37472 | Vaults:3 | XOM: silly message
 37562 | Vaults:3 | Noticed Frederick
 37570 | Vaults:3 | Killed Frederick
 37641 | Vaults:3 | XOM: medium Air miscast
 37649 | Vaults:3 | XOM: enchant monster (bad)
 37665 | Vaults:3 | XOM: summons 2 friendly demons
 37891 | Vaults:3 | XOM: noise
 37981 | Vaults:3 | XOM: silly message
 38333 | Vaults:3 | Found a portal to a secret trove of treasure.
 38451 | Vaults:3 | Found a staircase to the Crypt.
 38460 | Vaults:3 | XOM: noise
 38482 | Vaults:3 | XOM: fake destruction
 38683 | Vaults:3 | XOM: god gift: 18 silver sling bullets
 38721 | Vaults:3 | Reached XP level 21. HP: 119/219 MP: 24/24
 38993 | D:12     | XOM: god gift: 21 arrows of flame
 39098 | Orc:2    | XOM: vitrification
 39158 | Elf:1    | Entered Level 1 of the Elven Halls
 39160 | Elf:1    | XOM: enchant monster (good)
 39168 | Elf:1    | XOM: cast spell 'Hydra Form'
 39385 | Elf:1    | Found Xiaho's Weapon Emporium.
 39594 | Elf:1    | XOM: vitrification
 39695 | Elf:1    | Identified the Tome of Lightness
 40067 | Elf:1    | XOM: medium Conj miscast
 40234 | Elf:2    | XOM: enchant monster (good)
 40264 | Elf:2    | XOM: fog
 40398 | Elf:2    | XOM: summons 2 friendly demons
 40406 | Elf:2    | XOM: noise
 40421 | Elf:2    | Reached skill level 1 in Spellcasting
 40423 | Elf:2    | XOM: divination: detect items
 40497 | Elf:2    | Found a huge runed gate.
 40497 | Elf:2    | Found a huge runed gate.
 40497 | Elf:2    | Found a huge runed gate.
 40498 | Elf:2    | Found a huge runed gate.
 40499 | Elf:2    | Found a huge runed gate.
 40505 | Elf:2    | XOM: 1-stop teleportation journey
 40707 | Elf:2    | Noticed mdfi's ghost (adept HEVM)
 40710 | Elf:2    | Noticed Donald
 40711 | Elf:2    | XOM: divination: detect creatures
 40718 | Elf:2    | Killed Donald
 40731 | Elf:2    | Killed mdfi's ghost
 40940 | Elf:2    | XOM: 3-stop teleportation journey
 41075 | Elf:2    | XOM: god gift: scroll of teleportation
 41085 | Elf:2    | Reached skill level 15 in Shields
 41220 | Elf:3    | Entered Level 3 of the Elven Halls
 41348 | Elf:3    | XOM: fog
 41348 | Elf:3    | XOM: smoke on damage
 41387 | Elf:3    | XOM: summons friendly shadow imp
 41764 | Elf:3    | XOM: potion effect (agility)
 41847 | Elf:3    | XOM: divination: detect creatures
 41849 | Elf:3    | XOM: summons friendly shadow imp
 41854 | Elf:3    | XOM: summons 3 friendly demons
 41988 | Elf:3    | Reached XP level 22. HP: 230/230 MP: 25/27
 42021 | Elf:3    | XOM: blink monster(s)
 42134 | Elf:3    | Identified Cigotuvi's Disquisition on Shifting Sinister Rituals
 42140 | Elf:3    | Learned a level 2 spell: Passwall
 42142 | Elf:3    | Identified Saziclei's Grimoire of Gliding Moulding
 42167 | Elf:3    | Learned a level 3 spell: Regeneration
 42237 | Elf:3    | XOM: divination: detect items
 42250 | Elf:3    | XOM: divination: detect creatures
 42252 | Elf:3    | Reached skill level 1 in Air Magic
 42304 | Elf:3    | XOM: summons 3 friendly demons
 42370 | Elf:3    | Noticed Louise
 42389 | Elf:3    | Killed Louise
 42866 | Orc:2    | XOM: silly message
 43033 | D:14     | XOM: stat loss: -1 Dex (14/15)
 43083 | Depths:1 | Entered Level 1 of the Depths
 43090 | Depths:1 | Noticed a golden dragon
 43090 | Depths:1 | XOM: cast spell 'Necromutation'
 43097 | Depths:1 | XOM: cast spell 'Summon Mana Viper'
 43108 | D:15     | Killed a golden dragon
 43108 | D:15     | Reached skill level 5 in Spellcasting
 43275 | Depths:1 | XOM: summons 16 friendly demons
 43280 | Depths:1 | XOM: enchant monster (good)
 43300 | Depths:1 | XOM: summons 2 friendly demons
 43385 | Depths:1 | Found a gateway to a ziggurat.
 43467 | Depths:1 | Reached skill level 15 in Fighting
 43558 | Depths:1 | Found a gateway to Hell.
 43750 | Depths:2 | XOM: noise
 43750 | Depths:2 | Noticed Sojobo
 43755 | Depths:2 | XOM: polymorph entropy weaver -> griffon
 43756 | Depths:2 | XOM: destruction
 43763 | Depths:2 | XOM: swap monsters
 43772 | Depths:2 | XOM: confusion (+ monsters)
 43801 | Depths:2 | XOM: mild Trmt miscast
 43803 | Depths:2 | XOM: divination: magic mapping
 43827 | Depths:2 | XOM: torment (119/233 hp)
 43840 | Depths:2 | Killed Sojobo
 43968 | Depths:2 | XOM: silly message
 43975 | Depths:2 | XOM: enchant monster (bad)
 44116 | Depths:2 | Found a one-way gate leading to the halls of Pandemonium.
 44189 | Depths:2 | XOM: god gift: scroll of silence
 44257 | Depths:2 | XOM: destruction
 44267 | Depths:2 | XOM: confuse monster(s)
 44273 | Depths:2 | XOM: confusion (+ monsters)
 44380 | Depths:2 | XOM: give mutations
 44380 | Depths:2 | Lost mutation: Your movements are slightly less encumbered by armour (ER -2). [Xom's mischief]
 44380 | Depths:2 | Lost mutation: You have hoof-like feet. [Xom's mischief]
 44380 | Depths:2 | Lost mutation: You are partially covered in rugged brown scales (AC +1, +3% HP). [Xom's mischief]
 44395 | Depths:2 | XOM: blink monster(s)
 44396 | Depths:2 | XOM: divine lightning
 44542 | Depths:2 | Noticed Jory
 44582 | Depths:2 | XOM: confusion (+ monsters)
 44583 | Depths:2 | XOM: medium Trmt miscast
 44588 | Depths:2 | Killed Jory
 44863 | Depths:2 | XOM: harmless Summ miscast
 44871 | Depths:2 | Reached skill level 5 in Air Magic
 44978 | Depths:2 | Reached XP level 23. HP: 227/235 MP: 29/31
 45148 | Depths:2 | XOM: polymorph slime creature -> eye of devastation
 45198 | Depths:3 | XOM: confusion (+ monsters)
 45216 | Depths:3 | Noticed Norris
 45242 | Depths:3 | Killed Norris
 45242 | Depths:3 | Reached skill level 1 in Necromancy
 45242 | Depths:3 | Reached skill level 1 in Translocations
 45290 | Depths:3 | XOM: cast spell 'Summon Hydra'
 45301 | Depths:3 | Noticed Boris
 45302 | Depths:3 | XOM: cast spell 'Dragon Form'
 45306 | Depths:3 | Killed Boris
 45334 | Depths:3 | XOM: vitrification
 45418 | Depths:3 | XOM: 3-stop teleportation journey
 45486 | Depths:3 | Noticed Nikola
 45501 | Depths:3 | Killed Nikola
 45636 | Depths:3 | XOM: polymorph stone giant -> alligator snapping turtle
 45711 | Depths:3 | XOM: potion effect (might)
 45730 | Depths:3 | XOM: harmless Fire miscast
 46002 | Depths:4 | Noticed Mennas
 46006 | Depths:4 | XOM: silly message
 46035 | Depths:3 | Killed Mennas
 46059 | Depths:4 | XOM: cast spell 'Confusing Touch'
 46067 | Depths:4 | XOM: divination: magic mapping
 46261 | Depths:3 | XOM: harmless Conj miscast
 46311 | Depths:4 | XOM: harmless Air miscast
 46312 | Depths:4 | Found a one-way gate to the infinite horrors of the Abyss.
 46312 | Depths:4 | XOM: 2-stop teleportation journey
 46313 | Depths:4 | Noticed Mara
 46319 | Depths:4 | Noticed xeno23's illusion
 46348 | Depths:4 | XOM: blink monster(s)
 46355 | Depths:4 | XOM: summons 2 friendly demons
 46357 | Depths:4 | XOM: harmless Pois miscast
 46396 | Depths:4 | XOM: noise
 46615 | Depths:4 | Noticed xeno23's illusion
 46619 | Depths:4 | XOM: noise
 46623 | Depths:4 | XOM: summons 11 hostile demons
 46634 | Depths:4 | XOM: blink monster(s)
 46651 | Depths:4 | XOM: stat loss: -1 Str (31/32)
 46656 | Depths:4 | XOM: 2-stop teleportation journey
 46656 | Depths:4 | Found Hevvihic's One-of-a-Kind Books.
 46659 | Depths:4 | XOM: divination: detect items
 46671 | Depths:4 | XOM: confusion
 46793 | Depths:4 | XOM: give mutations
 46793 | Depths:4 | Lost mutation: You have a pair of small horns on your head. [Xom's mischief]
 46793 | Depths:4 | Lost mutation: You are agile. (Dex +2) [Xom's mischief]
 46793 | Depths:4 | Lost mutation: Your flesh is cold resistant. [Xom's mischief]
 46970 | Depths:4 | Found an ancient bone altar of Kikubaaqudgha.
 47056 | Depths:4 | XOM: enchant monster (bad)
 47068 | Depths:4 | XOM: harmless Air miscast
 47073 | Depths:4 | XOM: summons 6 hostile demons
 47075 | Depths:4 | Noticed xeno23's illusion
 47076 | Depths:4 | Killed Mara
 47168 | Depths:4 | XOM: colour smoke trail
 47399 | Depths:5 | Entered Level 5 of the Depths
 47408 | Depths:5 | XOM: medium Ice miscast
 47410 | Depths:5 | XOM: 2-stop teleportation journey
 47427 | Depths:5 | Reached skill level 5 in Necromancy
 47488 | Depths:5 | Found a gate to the Realm of Zot.
 47493 | Depths:5 | XOM: chaos upgrade
 47519 | Depths:5 | Reached skill level 5 in Translocations
 47540 | Depths:5 | Reached XP level 24. HP: 149/247 MP: 34/34
 47554 | Depths:5 | XOM: enchant monster (bad)
 47561 | Depths:5 | XOM: mild Tloc miscast
 47562 | Depths:5 | XOM: mild Fire miscast
 47666 | Depths:5 | XOM: confusion (+ monsters)
 47736 | Depths:5 | XOM: confuse monster(s)
 47786 | Depths:5 | XOM: confusion (+ monsters)
 48019 | Depths:5 | Found a sparkling altar of Nemelex Xobeh.
 48467 | D:15     | XOM: harmless Tloc miscast
 48640 | D:9      | Bought a manual of Fighting for 1545 gold pieces
 48640 | D:9      | Bought a book of Minor Magic for 280 gold pieces
 48643 | D:9      | Learned a level 2 spell: Blink
 48741 | Lair:1   | Lost mutation: You are somewhat resistant to further mutation. [potion of cure mutation]
 48741 | Lair:1   | Lost mutation: You have large cloven feet. [potion of cure mutation]
 48741 | Lair:1   | Lost mutation: Your muscles are strong. (Str +2) [potion of cure mutation]
 48741 | Lair:1   | Lost mutation: You passively map the area around you. [potion of cure mutation]
 48742 | Lair:1   | Lost mutation: You passively map a small area around you. [potion of cure mutation]
 48742 | Lair:1   | Lost mutation: You are occasionally teleported next to monsters. [potion of cure mutation]
 48742 | Lair:1   | Lost mutation: Your spells are a little harder to cast, but a little more powerful. [potion of cure mutation]
 48806 | Lair:5   | XOM: silly message
 48825 | Slime:1  | Entered Level 1 of the Pits of Slime
 48827 | Slime:1  | Gained mutation: You are dopey. (Int -2) [a shining eye]
 48829 | Slime:1  | Gained mutation: Your spells are a little easier to cast, but a little less powerful. [a shining eye]
 48838 | Slime:1  | XOM: summons 5 hostile shadow creatures
 48839 | Slime:1  | XOM: harmless Conj miscast
 48861 | Lair:6   | XOM: medium Fire miscast
 48906 | Slime:1  | XOM: divination: detect creatures
 48907 | Slime:1  | XOM: enchant monster (good)
 48910 | Slime:1  | XOM: enchant monster (bad)
 48933 | Slime:1  | Found a viscous altar of Jiyva.
 48952 | Slime:1  | XOM: divination: detect creatures
 48977 | Slime:2  | XOM: divination: detect items
 49109 | Slime:4  | XOM: enchant monster (bad)
 49127 | Slime:4  | XOM: harmless Ice miscast
 49139 | Slime:4  | XOM: enchant monster (bad)
 49294 | Slime:5  | XOM: polymorph acid blob -> iron dragon
 49308 | Slime:5  | XOM: confuse monster(s)
 49413 | Slime:6  | Entered Level 6 of the Pits of Slime
 49446 | Slime:6  | Noticed the Royal Jelly
 49528 | Slime:6  | Found a viscous altar of Jiyva.
 49547 | Slime:6  | XOM: mild Tloc miscast
 49605 | Slime:6  | XOM: mild Pois miscast
 49629 | Slime:6  | Killed the Royal Jelly
 49649 | Slime:6  | XOM: enchant monster (bad)
 49795 | Slime:6  | XOM: enchant monster (bad)
 49800 | Slime:6  | XOM: smoke on damage
 49812 | Slime:6  | XOM: god gift: weird smoking staff {god gift}
 49825 | Slime:6  | XOM: summons 16 friendly demons
 49848 | Slime:6  | XOM: confusion (+ monsters)
 50141 | Slime:6  | XOM: give mutations
 50141 | Slime:6  | Gained mutation: Armour fits poorly on your strangely shaped body. [Xom's mischief]
 50141 | Slime:6  | Lost mutation: Armour fits poorly on your strangely shaped body. [Xom's mischief]
 50141 | Slime:6  | Gained mutation: You are frail (-10% HP). [Xom's mischief]
 50200 | Slime:6  | Got a vibrating lapis lazuli ring
 50202 | Slime:6  | Identified the ring "Cegav" {rF+ rN+} (You found it on level 6 of the Pits of Slime)
 50267 | Slime:6  | XOM: god gift: scroll of fog
 50315 | Slime:6  | Identified Vyfarghic's Handbook of Conjuration and Creation
 50319 | Slime:6  | Got a slimy rune of Zot
 50645 | Vaults:1 | Lost mutation: You are frail (-10% HP). [potion of cure mutation]
 50645 | Vaults:1 | Lost mutation: Your spells are a little easier to cast, but a little less powerful. [potion of cure mutation]
 50645 | Vaults:1 | Lost mutation: You are dopey. (Int -2) [potion of cure mutation]
 50748 | Vaults:5 | Entered Level 5 of the Vaults
 50748 | Vaults:5 | XOM: summons friendly ufetubus
 50761 | Vaults:5 | XOM: 3-stop teleportation journey
 50765 | Vaults:5 | Reached skill level 1 in Earth Magic
 50801 | Vaults:5 | XOM: harmless Pois miscast
 50812 | Vaults:5 | Reached skill level 1 in Transmutations
 50829 | Vaults:5 | XOM: summons friendly ufetubus
 50844 | Vaults:5 | XOM: swap monsters
 50845 | Vaults:5 | XOM: enchant monster (bad)
 50848 | Vaults:5 | XOM: cast spell 'Summon Ice Beast'
 50851 | Vaults:5 | XOM: confuse monster(s)
 50858 | Vaults:5 | XOM: confuse monster(s)
 50899 | Vaults:5 | XOM: summons 5 friendly demons
 50921 | Vaults:5 | Found Futs's Armour Shop.
 50922 | Vaults:5 | XOM: cast spell 'Ring of Flames'
 50925 | Vaults:5 | Reached XP level 25. HP: 147/260 MP: 35/35
 50925 | Vaults:5 | XOM: enchant monster (good)
 50978 | Vaults:5 | XOM: potion effect (berserk rage)
 51016 | Vaults:5 | XOM: silly message
 51023 | Vaults:5 | XOM: cast spell 'Summon Dragon'
 51085 | Vaults:5 | XOM: summons 2 friendly demons
 51107 | Vaults:5 | XOM: enchant monster (bad)
 51192 | Vaults:5 | XOM: mild Tloc miscast
 51213 | Vaults:5 | XOM: blink monster(s)
 51222 | Vaults:5 | XOM: noise
 51369 | Vaults:5 | XOM: 1-stop teleportation journey
 51380 | Vaults:5 | XOM: cast spell 'Summon Mana Viper'
 51385 | Vaults:5 | XOM: 2-stop teleportation journey
 51387 | Vaults:5 | XOM: draining
 51397 | Vaults:5 | XOM: summons 5 hostile demons
 51422 | Vaults:5 | XOM: noise
 51458 | Vaults:5 | XOM: blink monster(s)
 51473 | Vaults:5 | XOM: polymorph vault sentinel -> moth of wrath
 51551 | Vaults:5 | XOM: fake destruction
 51654 | Vaults:5 | XOM: harmless Conj miscast
 51658 | Vaults:5 | XOM: chaos cloud
 51662 | Vaults:5 | XOM: enchant monster (bad)
 51672 | Vaults:5 | XOM: blink monster(s)
 51697 | Vaults:5 | XOM: divination: magic mapping
 51730 | Vaults:5 | XOM: confusion
 51739 | Vaults:5 | XOM: fog
 51754 | Vaults:5 | XOM: potion effect (might)
 51760 | Vaults:5 | Reached skill level 5 in Earth Magic
 51765 | Vaults:5 | XOM: smoke on damage
 51803 | Vaults:4 | XOM: chaos upgrade
 51808 | Vaults:4 | XOM: destruction
 52301 | Vaults:5 | XOM: confuse monster(s)
 52317 | Vaults:5 | XOM: god gift: wand of random effects {god gift}
 52341 | Vaults:5 | XOM: swap monsters
 52356 | Vaults:5 | XOM: summons friendly neqoxec
 52504 | Vaults:5 | XOM: scenery: 2 doors close
 52560 | Vaults:5 | Found Xitsal's General Store.
 52755 | Vaults:5 | Identified the Volume of Black Rituals (You found it on level 5 of the Vaults)
 52762 | Vaults:5 | Bought a scroll of silence for 127 gold pieces
 52762 | Vaults:5 | Bought a scroll of fear for 59 gold pieces
 52816 | Vaults:5 | Identified the Tome of the Eight Boll Weevils
 52821 | Vaults:5 | Identified the Papyrus of Aid and the Frostbite
 52890 | Vaults:5 | XOM: give mutations
 52890 | Vaults:5 | Gained mutation: Your body sometimes deteriorates upon taking damage. [Xom's mischief]
 52890 | Vaults:5 | Gained mutation: Your system is resistant to poisons. [Xom's mischief]
 52890 | Vaults:5 | Gained mutation: Armour fits poorly on your strangely shaped body. [Xom's mischief]
 52890 | Vaults:5 | Gained mutation: Scrolls take you a little longer to read. [Xom's mischief]
 52924 | Vaults:5 | Got a pitted pewter amulet
 52928 | Vaults:5 | Identified the amulet "Cagawemo" {Spirit rC+ Slay+6} (You took it off an ironbrand convoker on level 5 of the Vaults)
 53053 | Vaults:5 | XOM: summons 2 hostile shadow creatures
 53084 | Vaults:5 | XOM: blink monster(s)
 53123 | Vaults:5 | XOM: silly message
 53142 | Vaults:5 | Got a silver rune of Zot
 53292 | Vaults:5 | XOM: noise
 53478 | Crypt:1  | Entered Level 1 of the Crypt
 53483 | Crypt:1  | XOM: noise
 53484 | Crypt:1  | XOM: summons 6 friendly demons
 53511 | Crypt:1  | XOM: noise
 53539 | Crypt:1  | XOM: silly message
 53551 | Crypt:1  | XOM: summons 2 friendly demons
 54043 | Crypt:1  | XOM: summons 4 hostile shadow creatures
 54052 | Crypt:1  | XOM: confuse monster(s)
 54070 | Crypt:1  | XOM: medium Fire miscast
 54171 | Crypt:1  | Paralysed by a vampire knight for 6 turns
 54309 | Crypt:2  | Reached skill level 5 in Transmutations
 54309 | Crypt:2  | XOM: enchant monster (bad)
 54331 | Crypt:2  | Reached skill level 10 in Spellcasting
 54340 | Crypt:2  | XOM: potion effect (haste)
 54431 | Crypt:2  | Noticed Margery
 54436 | Crypt:2  | XOM: potion effect (might)
 54469 | Crypt:2  | Killed Margery
 54469 | Crypt:2  | Reached XP level 26. HP: 126/274 MP: 24/36
 54617 | Crypt:2  | XOM: potion effect (agility)
 54711 | Crypt:2  | Identified the Almanac of Calling
 54812 | Crypt:3  | Entered Level 3 of the Crypt
 54831 | Crypt:3  | XOM: divination: detect items
 54841 | Crypt:3  | Cast into level 3 of the Abyss (a lich)
 54978 | Abyss:3  | XOM: potion effect (haste)
 54980 | Abyss:3  | Gained mutation: You are clumsy. (Dex -2) [a cacodemon]
 55113 | Abyss:3  | XOM: potion effect (agility)
 55119 | Abyss:3  | Paralysed by accursed screaming for 1 turns
 55126 | Abyss:3  | Paralysed by accursed screaming for 1 turns
 55143 | Abyss:3  | XOM: potion effect (invisibility)
 55144 | Abyss:3  | XOM: potion effect (agility)
 55155 | Abyss:3  | XOM: harmless Summ miscast
 55175 | Crypt:3  | Escaped the Abyss
 55175 | Crypt:3  | XOM: divination: magic mapping
 55194 | Crypt:3  | XOM: confusion
 55230 | Crypt:3  | Found a staircase to the Tomb.
 55333 | Crypt:3  | XOM: stat loss: -1 Str (31/32)
 55345 | Crypt:3  | XOM: medium Hex miscast
 55582 | Crypt:3  | Noticed an ancient lich
 55582 | Crypt:3  | XOM: summons 6 friendly demons
 55587 | Crypt:3  | XOM: summons friendly iron imp
 55604 | Crypt:3  | Killed an ancient lich
 55613 | Crypt:3  | XOM: summons friendly iron imp
 55626 | Crypt:3  | XOM: destruction
 55650 | Crypt:3  | XOM: cast spell 'Summon Horrible Things'
 55705 | Crypt:3  | XOM: vitrification
 55801 | Crypt:3  | XOM: mild Ice miscast
 56161 | Crypt:3  | XOM: destruction
 56292 | Crypt:3  | XOM: harmless Necr miscast
 56484 | Tomb:1   | Entered Level 1 of the Tomb of the Ancients
 56612 | Tomb:1   | XOM: harmless Tloc miscast
 56617 | Tomb:1   | Reached skill level 10 in Earth Magic
 56642 | Tomb:1   | XOM: enchant monster (bad)
 56651 | Tomb:1   | XOM: blink monster(s)
 56653 | Tomb:1   | XOM: cast spell 'Summon Mana Viper'
 56665 | Tomb:1   | XOM: noise
 56669 | Tomb:1   | XOM: smoke on damage
 56728 | Tomb:1   | Noticed a greater mummy
 56734 | Tomb:1   | XOM: harmless Erth miscast
 56738 | Tomb:1   | Noticed a greater mummy
 56757 | Tomb:1   | XOM: potion effect (invisibility)
 56763 | Tomb:1   | XOM: noise
 56802 | Tomb:1   | XOM: noise
 56855 | Tomb:1   | XOM: harmless Trmt miscast
 57021 | Vaults:3 | You paid a toll of 2 scrolls of acquirement to enter a treasure trove
 57022 | Trove    | Entered a treasure trove
 57307 | Depths:3 | XOM: silly message
 57323 | Depths:3 | XOM: smoke on damage
 57329 | Depths:3 | XOM: mild Fire miscast
 57350 | Depths:3 | XOM: summons friendly white imp
 57355 | Depths:3 | XOM: blink monster(s)
 57406 | Depths:5 | Lost mutation: Scrolls take you a little longer to read. [potion of cure mutation]
 57406 | Depths:5 | Lost mutation: Your system is resistant to poisons. [potion of cure mutation]
 57406 | Depths:5 | Lost mutation: Armour fits poorly on your strangely shaped body. [potion of cure mutation]
 57573 | D:13     | XOM: silly message
 57619 | Vaults:1 | XOM: harmless Chrm miscast
 57719 | Tomb:1   | XOM: medium Erth miscast
 57840 | Tomb:1   | XOM: summons friendly iron imp
 57844 | Tomb:1   | Killed a greater mummy
 57916 | Tomb:1   | XOM: cast spell 'Leda's Liquefaction'
 57925 | Tomb:1   | Killed a greater mummy
 57926 | Tomb:1   | XOM: confuse monster(s)
 58072 | Tomb:1   | XOM: cast spell 'Spider Form'
 58073 | Tomb:1   | XOM: smoke on damage
 58256 | Tomb:1   | XOM: 3-stop teleportation journey
 58265 | Tomb:1   | Noticed a greater mummy
 58276 | Tomb:1   | Killed a greater mummy
 58338 | Tomb:1   | XOM: vitrification
 58340 | Tomb:1   | XOM: mild Erth miscast
 58567 | Tomb:1   | Reached skill level 10 in Transmutations
 58766 | Tomb:1   | XOM: summons 5 hostile demons
 58860 | Tomb:2   | Noticed a greater mummy
 58898 | Tomb:2   | Noticed a greater mummy
 58898 | Tomb:2   | Noticed a greater mummy
 58898 | Tomb:2   | Noticed an ancient lich
 58903 | Tomb:1   | Reached XP level 27. HP: 173/283 MP: 20/36
 59053 | Tomb:2   | XOM: summons 2 hostile demons
 59070 | Tomb:1   | Killed an ancient lich
 59077 | Tomb:1   | Killed a greater mummy
 59171 | Tomb:1   | XOM: 4-stop teleportation journey
 59438 | Tomb:1   | XOM: summons 4 hostile shadow creatures
 59503 | Tomb:2   | Killed a greater mummy
 59645 | Tomb:2   | Killed a greater mummy
 59646 | Tomb:2   | XOM: blink monster(s)
 59649 | Tomb:2   | XOM: noise
 59658 | Tomb:1   | XOM: confusion (+ monsters)
 59971 | Tomb:2   | XOM: noise
 59998 | Tomb:2   | XOM: harmless Pois miscast
 60064 | Tomb:1   | Noticed a greater mummy
 60067 | Tomb:1   | Noticed a greater mummy
 60067 | Tomb:1   | XOM: cast spell 'Olgreb's Toxic Radiance'
 60068 | Tomb:1   | Noticed a greater mummy
 60069 | Tomb:1   | Noticed a greater mummy
 60069 | Tomb:1   | Noticed a greater mummy
 60249 | Tomb:1   | Killed a greater mummy
 60252 | Tomb:1   | Killed a greater mummy
 60259 | Tomb:1   | Killed a greater mummy
 60271 | Tomb:1   | XOM: enchant monster (bad)
 60282 | Tomb:2   | Killed a greater mummy
 60357 | Tomb:2   | XOM: harmless Pois miscast
 60463 | Tomb:1   | XOM: potion effect (magic)
 60467 | Tomb:1   | Killed a greater mummy
 60514 | Tomb:1   | Noticed a greater mummy
 60520 | Tomb:1   | Killed a greater mummy
 60524 | Tomb:1   | Noticed a greater mummy
 60528 | Tomb:1   | Killed a greater mummy
 60560 | Tomb:1   | Noticed a greater mummy
 60569 | Tomb:1   | Killed a greater mummy
 60572 | Tomb:1   | Noticed a greater mummy
 60572 | Tomb:1   | XOM: enchant monster (good)
 60579 | Tomb:1   | Killed a greater mummy
 60583 | Tomb:1   | Noticed a greater mummy
 60588 | Tomb:1   | Noticed a greater mummy
 60591 | Tomb:1   | Killed a greater mummy
 60596 | Tomb:1   | Killed a greater mummy
 60620 | Tomb:1   | Noticed a greater mummy
 60622 | Tomb:1   | Noticed a greater mummy
 60622 | Tomb:1   | Noticed a greater mummy
 60681 | Tomb:2   | XOM: confuse monster(s)
 60823 | Tomb:1   | Killed a greater mummy
 60838 | Tomb:1   | Killed a greater mummy
 60844 | Tomb:1   | Killed a greater mummy
 60994 | Tomb:2   | XOM: potion effect (berserk rage)
 60997 | Tomb:2   | XOM: potion effect (heal wounds)
 61128 | Tomb:2   | XOM: harmless Hex miscast
 61300 | Tomb:3   | Entered Level 3 of the Tomb of the Ancients
 61302 | Tomb:3   | XOM: harmless Pois miscast
 61320 | Tomb:3   | Noticed a greater mummy
 61321 | Tomb:3   | XOM: potion effect (haste)
 61326 | Tomb:3   | XOM: harmless Chrm miscast
 61329 | Tomb:3   | Noticed a greater mummy
 61329 | Tomb:3   | XOM: silly message
 61333 | Tomb:3   | Noticed a greater mummy
 61436 | Tomb:3   | XOM: potion effect (berserk rage)
 61437 | Tomb:3   | Noticed a greater mummy
 61448 | Tomb:2   | Killed a greater mummy
 61486 | Tomb:2   | XOM: mild Hex miscast
 61617 | Tomb:3   | XOM: enchant monster (good)
 61619 | Tomb:3   | XOM: confuse monster(s)
 61625 | Tomb:3   | XOM: confuse monster(s)
 61630 | Tomb:3   | XOM: noise
 61632 | Tomb:3   | Killed a greater mummy
 61705 | Tomb:2   | XOM: scenery: 1 doors close
 61750 | Tomb:3   | Killed a greater mummy
 61755 | Tomb:3   | XOM: smoke on damage
 61757 | Tomb:3   | Killed a greater mummy
 61757 | Tomb:3   | Reached skill level 15 in Earth Magic
 61771 | Tomb:3   | Noticed a greater mummy
 61771 | Tomb:3   | XOM: enchant monster (good)
 61773 | Tomb:3   | XOM: destruction
 61873 | Tomb:3   | XOM: divination: detect items
 61875 | Tomb:3   | Killed a greater mummy
 61991 | Tomb:3   | Got a clouded copper ring
 62010 | Tomb:3   | Identified the ring of Cowardice {rPois rF+} (You found it on level 3 of the Tomb of the Ancients)
 62025 | Tomb:3   | Identified the Compendium of the Warped Entourage
 62119 | Tomb:3   | Got a golden rune of Zot
 62127 | Tomb:3   | Noticed a greater mummy
 62127 | Tomb:3   | Noticed a greater mummy
 62130 | Tomb:3   | XOM: enchant monster (good)
 62132 | Tomb:3   | XOM: noise
 62135 | Tomb:3   | Killed a greater mummy
 62138 | Tomb:3   | Noticed Khufu
 62141 | Tomb:3   | Killed a greater mummy
 62145 | Tomb:3   | Killed Khufu
 62189 | Tomb:3   | Noticed a greater mummy
 62191 | Tomb:3   | XOM: confuse monster(s)
 62204 | Tomb:3   | Killed a greater mummy
 62313 | Tomb:3   | Identified the Papyrus of the Glacier and Translocation
 62472 | Tomb:1   | XOM: divination: detect creatures
 62567 | Tomb:1   | XOM: scenery: 2 doors close
 62626 | Tomb:1   | XOM: noise
 62705 | Tomb:1   | XOM: cast spell 'Necromutation'
 62897 | D:13     | XOM: god gift: rapier {god gift}
 63066 | Pan      | Entered Pandemonium
 63130 | Pan      | XOM: smoke on damage
 63364 | Pan      | XOM: fake destruction
 63418 | Pan      | XOM: potion effect (berserk rage)
 63428 | Pan      | XOM: confuse monster(s)
 63483 | Pan      | XOM: 3-stop teleportation journey
 63486 | Pan      | Noticed a seraph
 63491 | Pan      | Found a glowing golden altar of the Shining One.
 63492 | Pan      | Got a demonic rune of Zot
 63500 | Pan      | Reached skill level 19 in Unarmed Combat
 63501 | Pan      | XOM: polymorph ophan -> daeva
 63502 | Pan      | XOM: fog
 63506 | Pan      | XOM: summons friendly crimson imp
 63745 | Pan      | XOM: swap monsters
 63748 | Pan      | XOM: polymorph daeva -> pearl dragon
 63750 | Pan      | XOM: polymorph angel -> holy swine
 63754 | Pan      | XOM: swap monsters
 63766 | Pan      | XOM: cast spell 'Statue Form'
 63851 | Pan      | XOM: give mutations
 63851 | Pan      | Gained mutation: You have a pair of small antennae on your head. [Xom's mischief]
 63851 | Pan      | Gained mutation: You are weak. (Str -2) [Xom's mischief]
 63866 | Pan      | XOM: summons friendly hellwing
 63884 | Pan      | XOM: noise
 64041 | Pan      | XOM: 2-stop teleportation journey
 64084 | Pan      | XOM: summons 13 hostile demons
 64097 | Pan      | Gained mutation: You occasionally shout uncontrollably at your foes. [a neqoxec]
 64209 | Pan      | Found a glowing silver altar of Zin.
 64209 | Pan      | XOM: 2-stop teleportation journey
 64379 | Pan      | Learned a level 3 spell: Portal Projectile
 64416 | Pan      | XOM: polymorph cherub -> holy swine
 64426 | Pan      | Found a white marble altar of Elyvilon.
 64433 | Pan      | XOM: enchant monster (bad)
 64478 | Pan      | XOM: 1-stop teleportation journey
 64503 | Pan      | Got a smoking large shield
 64504 | Pan      | Identified the +8 large shield of Wasted Space {Str+2 SInv} (You took it off a daeva in Pandemonium)
 64514 | Pan      | XOM: divination: magic mapping
 64620 | Pan      | XOM: enchant monster (bad)
 64813 | Pan      | XOM: cast spell 'Summon Mana Viper'
 64874 | Pan      | XOM: give mutations
 64874 | Pan      | Gained mutation: You are dopey. (Int -2) [Xom's mischief]
 64874 | Pan      | Gained mutation: Your spells are a little easier to cast, but a little less powerful. [Xom's mischief]
 64967 | Pan      | XOM: silly message
 64991 | Pan      | Reached skill level 20 in Unarmed Combat
 65013 | Pan      | XOM: summons 2 friendly demons
 65157 | Pan      | Got a polished large shield
 65187 | Pan      | Identified the cursed -5 large shield of Instinct {*Drain rF++ Str+3 Dex+2} (You took it off a daeva in Pandemonium)
 65190 | Pan      | Lost mutation: You have a pair of small antennae on your head. [potion of cure mutation]
 65190 | Pan      | Lost mutation: You are clumsy. (Dex -2) [potion of cure mutation]
 65190 | Pan      | Lost mutation: You occasionally shout uncontrollably at your foes. [potion of cure mutation]
 65190 | Pan      | Lost mutation: Your body sometimes deteriorates upon taking damage. [potion of cure mutation]
 65191 | Pan      | Lost mutation: You are weak. (Str -2) [potion of cure mutation]
 65191 | Pan      | Lost mutation: You are dopey. (Int -2) [potion of cure mutation]
 65191 | Pan      | Lost mutation: Your spells are a little easier to cast, but a little less powerful. [potion of cure mutation]
 65293 | Pan      | XOM: cast spell 'Cause Fear'
 65307 | Pan      | XOM: potion effect (curing)
 65321 | Pan      | XOM: confuse monster(s)
 65446 | Pan      | XOM: confuse monster(s)
 65458 | Pan      | XOM: cast spell 'Ring of Flames'
 65475 | Pan      | XOM: scenery: create altars
 65520 | Pan      | XOM: mild Air miscast
 65545 | Pan      | XOM: fog
 65769 | Pan      | XOM: polymorph ophan -> daeva
 65775 | Pan      | XOM: potion effect (curing)
 65781 | Pan      | Killed a seraph
 65814 | Pan      | Identified the Grimoire of Torrid Poisoning
 65895 | Pan      | XOM: swap monsters
 66065 | Pan      | Found an exit through the horrors of the Abyss.
 66122 | Pan      | XOM: destruction
 66237 | Pan      | XOM: enchant monster (good)
 66248 | Pan      | Noticed Bunazyoz the pandemonium lord
 66252 | Pan      | XOM: cast spell 'Olgreb's Toxic Radiance'
 66253 | Pan      | XOM: polymorph tormentor -> hellion
 66263 | Pan      | XOM: divination: magic mapping
 66265 | Pan      | Killed Bunazyoz the pandemonium lord
 66281 | Pan      | XOM: harmless Trmt miscast
 66315 | Pan      | XOM: colour smoke trail
 66332 | Pan      | XOM: mild Ice miscast
 66492 | Pan      | Found an exit through the horrors of the Abyss.
 66609 | Pan      | XOM: stealth player
 66627 | Pan      | XOM: enchant monster (bad)
 66694 | Pan      | Noticed Pablump the pandemonium lord
 66707 | Pan      | Found an exit through the horrors of the Abyss.
 66710 | Pan      | Reached skill level 21 in Unarmed Combat
 66718 | Pan      | XOM: divination: detect creatures
 66743 | Pan      | XOM: enchant monster (good)
 66852 | Pan      | XOM: harmless Ice miscast
 67067 | Pan      | Killed Pablump the pandemonium lord
 67194 | Pan      | Noticed Susaforgh the pandemonium lord
 67205 | Pan      | Killed Susaforgh the pandemonium lord
 67205 | Pan      | XOM: summons friendly quasit
 67223 | Pan      | XOM: harmless Pois miscast
 67247 | Pan      | XOM: summons 3 hostile shadow creatures
 67314 | Pan      | Noticed Omuseh the pandemonium lord
 67319 | Pan      | XOM: divination: detect creatures
 67414 | Pan      | XOM: summons friendly ufetubus
 67433 | Pan      | XOM: enchant monster (good)
 67589 | Pan      | XOM: cast spell 'Summon Small Mammal'
 67618 | Pan      | XOM: divination: detect creatures
 67682 | Pan      | Noticed Soimom the pandemonium lord
 67692 | Pan      | XOM: potion effect (haste)
 67701 | Pan      | Killed Soimom the pandemonium lord
 67712 | Pan      | XOM: harmless Conj miscast
 67868 | Pan      | XOM: silly message
 67877 | Pan      | XOM: confuse monster(s)
 67889 | Pan      | XOM: cast spell 'Leda's Liquefaction'
 68027 | Pan      | Noticed Pemy the pandemonium lord
 68031 | Pan      | XOM: harmless Divn miscast
 68048 | Pan      | Reached skill level 22 in Unarmed Combat
 68050 | Pan      | XOM: divination: detect creatures
 68063 | Pan      | XOM: divination: magic mapping
 68204 | Pan      | XOM: mild Tloc miscast
 68212 | Pan      | Killed Pemy the pandemonium lord
 68276 | Pan      | XOM: enchant monster (good)
 68295 | Pan      | Gained mutation: Scrolls take you a little longer to read. [a neqoxec]
 68304 | Pan      | XOM: cast spell 'Call Canine Familiar'
 68307 | Pan      | XOM: summons 3 friendly demons
 68505 | Pan      | XOM: smoke on damage
 68509 | Pan      | XOM: enchant monster (bad)
 68597 | Pan      | XOM: divination: detect creatures
 68625 | Pan      | XOM: confusion (+ monsters)
 68634 | Pan      | XOM: silly message
 68672 | Pan      | Found an exit through the horrors of the Abyss.
 68968 | Pan      | XOM: noise
 68970 | Pan      | XOM: confuse monster(s)
 68979 | Pan      | XOM: confuse monster(s)
 68993 | Pan      | XOM: divination: detect items
 69025 | Pan      | Reached skill level 15 in Throwing
 69211 | Pan      | Found an exit through the horrors of the Abyss.
 69253 | Pan      | XOM: potion effect (magic)
 69262 | Pan      | XOM: harmless Air miscast
 69308 | Pan      | XOM: enchant monster (good)
 69313 | Pan      | XOM: summons 2 friendly demons
 69328 | Pan      | XOM: noise
 69413 | Pan      | XOM: cast spell 'Spider Form'
 69427 | Pan      | XOM: enchant monster (good)
 69806 | Pan      | XOM: divination: detect creatures
 69810 | Pan      | XOM: silly message
 69823 | Pan      | XOM: confuse monster(s)
 69888 | Pan      | Noticed Kaut the pandemonium lord
 69952 | Pan      | Entered the realm of Lom Lobon.
 70021 | Pan      | Found an exit through the horrors of the Abyss.
 70044 | Pan      | XOM: harmless Pois miscast
 70206 | Pan      | XOM: scenery: 5 doors close
 70222 | Pan      | XOM: divination: detect items
 70252 | Pan      | Reached skill level 23 in Unarmed Combat
 70253 | Pan      | XOM: 2-stop teleportation journey
 70308 | Pan      | XOM: chaos upgrade
 70342 | Pan      | XOM: mild Divn miscast
 70347 | Pan      | XOM: silly message
 70380 | Pan      | XOM: harmless Tloc miscast
 70383 | Pan      | XOM: 2-stop teleportation journey
 70491 | Pan      | XOM: colour smoke trail
 70593 | Pan      | Noticed Lom Lobon
 70593 | Pan      | XOM: fake destruction
 70608 | Pan      | Killed Lom Lobon
 70639 | Pan      | Got a magical rune of Zot
 70899 | Pan      | Found a huge runed gate.
 70953 | Pan      | Found an exit through the horrors of the Abyss.
 70980 | Pan      | XOM: destruction
 70981 | Pan      | XOM: confuse monster(s)
 70991 | Pan      | XOM: medium Trmt miscast
 71100 | Pan      | XOM: noise
 71120 | Pan      | XOM: medium Pois miscast
 71123 | Pan      | XOM: divination: detect creatures
 71250 | Pan      | XOM: polymorph gelid demonspawn -> slime creature
 71319 | Pan      | Found an exit through the horrors of the Abyss.
 71435 | Pan      | XOM: harmless Necr miscast
 71457 | Pan      | Noticed Deateagu the pandemonium lord
 71465 | Pan      | Killed Deateagu the pandemonium lord
 71491 | Pan      | Found an exit through the horrors of the Abyss.
 71493 | Pan      | XOM: enchant monster (bad)
 71526 | Pan      | Found an exit through the horrors of the Abyss.
 71570 | Pan      | XOM: enchant monster (good)
 71582 | Pan      | XOM: god gift: box of beasts
 71587 | Pan      | XOM: polymorph ufetubus -> ufetubus
 71678 | Pan      | XOM: confuse monster(s)
 71786 | Pan      | XOM: cast spell 'Spider Form'
 71847 | Pan      | Entered the realm of Mnoleg.
 71855 | Pan      | XOM: fog
 71869 | Pan      | Gained mutation: Your magical capacity is low (-10% MP). [a neqoxec]
 71910 | Pan      | Noticed Mnoleg
 71913 | Pan      | XOM: potion effect (berserk rage)
 71917 | Pan      | XOM: swap monsters
 71923 | Pan      | Paralysed by a giant eyeball for 2 turns
 71928 | Pan      | XOM: confuse monster(s)
 71934 | Pan      | Gained mutation: Your magical capacity is very low (-20% MP). [a neqoxec]
 71938 | Pan      | Gained mutation: You are dopey. (Int -2) [a neqoxec]
 71943 | Pan      | XOM: divination: magic mapping
 71951 | Pan      | Paralysed by a giant eyeball for 2 turns
 71953 | Pan      | XOM: blink monster(s)
 71955 | Pan      | XOM: enchant monster (good)
 71955 | Pan      | Lost intelligence.
 71958 | Pan      | Gained mutation: You are surrounded by a mild repulsion field (EV +2). [a cacodemon]
 71959 | Pan      | Gained mutation: You occasionally shout uncontrollably at your foes. [a cacodemon]
 71960 | Pan      | Paralysed by a giant eyeball for 3 turns
 71961 | Pan      | XOM: fog
 71963 | Pan      | HP: 9/293 [cacodemon (19)]
 71963 | Pan      | HP: 4/293 [cacodemon (5)]
 71963 | Pan      | Xom revived you
 71965 | Pan      | Paralysed by a giant eyeball for 2 turns
 71965 | Pan      | Mangled by a great orb of eyes

Vault maps used:
D:1:      lemuel_arrival_river_ford
D:2:      serial_glass, glass_columns_c, glass_columns_c, uniq_terence
D:3:      nicolae_overflow_hidden_temple, minitemple, evilmike_ruin_ashenzari,
          uniq_purgy
D:4:      serial_shops, nicolae_shop_overgrown_old_shop, shop,
          minmay_mini_ossuary, uniq_crazy_yiuf_cottage
D:5:      corexii_shack_village, first_bread
D:6:      serial_shops, kennysheep_mini_moat, fedhas_altar_1, uniq_edmund,
          uniq_eustachio, uniq_pikel, uniq_grinder
D:7:      nicolae_ru_sacrificial_ziggurat, temple_pool_a,
          minmay_misc_feat_encased
D:8:      basic_altar, gup_ossuary_entry_pyramid
D:9:      orc_0_dummy, serial_shops, nicolae_shop_behind_doors
D:10:     hangedman_tell_no_tales, uniq_gastronok, uniq_joseph
D:11:     david_lair_shrubbed, serial_shops, shop
D:12:     enter_bailey_3
D:13:     david_vaults_4
D:14:     moated_statue
D:15:     grunt_enter_depths_magical_seal
Lair:1:   beast_lair_carwin_7
Lair:2:   hibernation_bobbens, grunt_megastairs_2, lemuel_fruit_tree,
          infiniplex_staircase_pool, uniq_fannar
Lair:3:   swamp_mist_pool, enter_volcano_3, zaba_antful_of_joy, uniq_harold
Lair:4:   lab_entry_generic
Lair:5:   grunt_megastairs_4, bh_autumn_forest_stairs
Lair:6:   guppyfry_snake_entry_island, slime_altar_1, grunt_megastairs_5
Lair:7:   beast_lair_carwin_10
Lair:8:   hangedman_lair_caniforms_friends, lemuel_centaur_altar, uniq_rupert
Swamp:1:  evilmike_swamp_ruin_rubble_2
Swamp:2:  portal_ice_cave_entry_ice_beasts, evilmike_swamp_ruin_house_4
Swamp:3:  basic_altar
Swamp:4:  swamp
Snake:2:  serial_bayou_pond_a
Snake:3:  serial_shops, shop, lightli_airlock, serial_bayou_shore_b,
          serial_bayou_shore_a, uniq_roxanne, uniq_saint_roka, uniq_aizul
Snake:4:  snake_pit, basic_altar, serial_shops, shop_fountains, st_stairs_9,
          uniq_jorgrun
Slime:1:  basic_altar, nicolae_slime_barrier
Orc:1:    basic_altar
Orc:2:    st_orc_town
Elf:1:    minmay_elf_arrival_circle, serial_shops, nicolae_shop_statue_plus,
          nrook_loot_triangle, hangedman_research_electronics
Elf:2:    hangedman_elf_disciples, uniq_donald
Elf:3:    grunt_elf_hall_branching, uniq_louise
Vaults:1: v_pattern_2, ontoclasm_vaults_spin, vaults_dpeg_encased_lava,
          hangedman_vaults_trim, v_misc_23, hangedman_vaults_unwind, v_rooms_5,
          v_misc_2, vaults_room_guarded_vault, ontoclasm_vaults_ligature,
          vaults_room_pool, nicolae_vaults_ring_of_whatevers, uniq_wiglaf
Vaults:2: serial_ice_h, st_greater_box_2, v_misc_28, v_alt_pattern_6, v_misc_8,
          ontoclasm_vaults_eye, vaults_room_hallway, serial_shops, shop, shop,
          shop, nicolae_shop_stone, nicolae_shop_trees
Vaults:3: v_rooms_5, st_star, v_alt_pattern_3, v_alt_pattern_5,
          minmay_crypt_entry_simple_walls, v_rooms_2, v_misc_16,
          vaults_mumra_minichess, grunt_vaults_trifunnel,
          ontoclasm_vaults_ring_large, vaults_mumra_chevron, v_pattern_5,
          vaults_mumra_lcd, nicolae_vaults_diagonal_hallway_6,
          ontoclasm_vaults_gateway, ontoclasm_vaults_twist, v_misc_22,
          serial_shops, bzr_entry_islet, enter_trove_6, uniq_frederick
Vaults:4: grunt_vaults_twisty, hangedman_vaults_slice, nicolae_vaults_rhombus_6,
          vaults_standard_mumra_x, hangedman_vaults_trim, v_misc_16,
          vaults_dpeg_ring, vaults_dpeg_cross, ontoclasm_vaults_decontamination,
          dpeg_vaults_monster_box, serial_shops, bzr_firewalk
Crypt:2:  corner_web_ring, minivault_26, uniq_margery
Crypt:3:  due_elkab, uniq_jory
Depths:1: enter_ziggurat_e, pf_coc_iceberg, bh_walls_and_bars,
          kennysheep_random_hallway
Depths:2: due_jory_tower, pan_entry, minmay_misc_feat_alley,
          grunt_hell_entry_dis_old, uniq_sojobo
Depths:3: cross_vault, minmay_misc_feat_more_columns, hell_entry, pan_entry,
          firewood_loft, uniq_norris, uniq_nikola, uniq_boris
Depths:4: lemuel_vampire_tower, hell_entry, abyss_entry, minmay_misc_feat_x,
          nicolae_rare_books, uniq_mara, uniq_mennas
Depths:5: grunt_crosshair, grunt_metal_band, minmay_misc_feat_rows, abyss_entry,
          nemelex_xobeh_ov_fountains_minmay, serial_bayou_shore_b
Abyss:3:  grunt_abyss_rune_the_horror
Pan:      grunt_pan_in_and_out, nicolae_pan_sigil_nadil, pan_captured_pigsty,
          evilmike_holy_pan, grunt_pan_sceptre, grunt_pan_zigzag,
          nicolae_pan_mnolegish_4, grunt_pan_in_and_out, rand_demon_8,
          pan_blood_fountain_small, nicolae_pan_cerebovesque_3,
          evilmike_mini_pan_doors, pan_blood_fountain, evilmike_mini_pan_doors,
          rand_demon_4, pan_blood_fountain_2, nicolae_pan_strange_glyphs,
          evilmike_mini_pan_pillars_b, pan_blood_fountain_small,
          nicolae_pan_cerebovesque_2, nicolae_pan_sigil_eeng,
          reaverb_pan_chaos_star, evilmike_mini_pan_possible_glass,
          nicolae_pan_cerebovesque_1, nicolae_pan_glass_arcs,
          pan_blood_fountain_small, nicolae_pan_giant_door,
          evilmike_mini_pan_doors_b, evilmike_mini_pan_corner,
          pan_blood_fountain_2, evilmike_mini_pan_T, grunt_pan_sceptre,
          nicolae_pan_mnolegish_2, nicolae_pan_door_chamber, rand_demon_4,
          evilmike_mini_pan_possible_glass, rand_demon_3, lom_lobon_grunt,
          pan_blood_fountain_small, lemuel_hall_of_pain,
          nicolae_pan_sigil_uleosi, nicolae_pan_giant_door,
          nicolae_pan_mnolegish_1, nicolae_pan_door_chamber,
          pan_blood_fountain_small, reaverb_pan_figure_eight, grunt_pan_sceptre,
          pan_blood_fountain_2, grunt_pan_sceptre, pan_blood_fountain,
          pan_blood_fountain_small, pan_blood_fountain_2, rand_demon_6,
          evilmike_mini_pan_doors_b, evilmike_mini_pan_V,
          nicolae_pan_gloorx_vloqian_1, mnoleg_grunt_wretched_star,
          pan_blood_fountain_small
Lab:      labyrinth_spiral, lab_hedge
Trove:    trove_wands_scrolls
Ossuary:  ossuary_due_cavern
Bailey:   bailey_axe_4, bailey
IceCv:    ice_cave_tombish
Volcano:  volcano_pools

Skill      XL: |  1  2  3  4  5  6  7  8  9 10 11 12 13 14 15 16 17 18 19 20 21 22 23 24 25 26 27 |
---------------+----------------------------------------------------------------------------------+-----
Dodging        | 2 3 4 5 6 7 9 10 11 12 14 15 16 17 | 17.0
Fighting       | 3 4 5 6 7 8 9 10 11 12 13 14 15 16 18 20 | 20.5
Unarmed Combat | 4 5 7 9 10 11 13 14 16 17 18 23 | 23.9
Stealth        | 1 |  1.8
Charms         | 2 4 5 |  5.5
Evocations     | 2 5 6 |  6.5
Throwing       | 1 5 7 9 10 11 16 | 16.0
Shields        | 4 6 8 10 12 14 15 18 | 18.4
Armour         | 3 5 7 9 10 | 10.0
Spellcasting   | 4 6 8 9 10 | 10.1
Air Magic      | 5 |  5.1
Necromancy     | 5 8 |  8.5
Translocations | 5 7 |  7.7
Earth Magic    | 2 6 11 15 | 15.1
Transmutations | 1 5 10 13 | 13.0

Action                   |  1- 3 |  4- 6 |  7- 9 | 10-12 | 13-15 | 16-18 | 19-21 | 22-24 | 25-27 || total
-------------------------+-------+-------+-------+-------+-------+-------+-------+-------+-------++-------
Melee: Unarmed           |    86 |   119 |   188 |   602 |  1320 |  1291 |  1611 |  1860 |  4324 || 11401
       Giant spiked club |       |       |       |       |    22 |    64 |       |       |       ||    86
Throw: Large rock        |       |       |       |       |       |    17 |    16 |    30 |   102 ||   165
 Cast: Repel Missiles    |       |       |       |     2 |     6 |     3 |     1 |     2 |    15 ||    29
       Blink             |       |       |       |       |       |       |       |     2 |     5 ||     7
       Apportation       |       |       |       |       |       |       |       |     2 |    11 ||    13
       Regeneration      |       |       |       |       |       |       |       |       |   186 ||   186
       Statue Form       |       |       |       |       |       |       |       |       |    45 ||    45
       Portal Projectile |       |       |       |       |       |       |       |       |     1 ||     1
 Abil: Evoke Berserk Rag |       |       |       |       |     5 |     7 |     2 |     5 |     3 ||    22
       Evoke Flight      |       |       |       |       |     1 |       |       |       |     4 ||     5
       End Transformatio |       |       |       |       |       |       |       |       |     1 ||     1
Evoke: Wand              |       |       |       |     2 |     2 |     2 |     2 |     3 |    19 ||    30
       Rod               |       |       |       |       |     1 |       |       |       |       ||     1
       Phantom mirror    |       |       |       |       |       |     1 |       |       |     1 ||     2
       Fan of gales      |       |       |       |       |       |       |     1 |     3 |     5 ||     9
       Sack of spiders   |       |       |       |       |       |       |     1 |       |       ||     1
       Box of beasts     |       |       |       |       |       |       |       |     1 |     2 ||     3
  Use: Scroll            |       |     1 |    12 |    25 |    12 |    17 |     5 |     8 |    44 ||   124
       Potion            |       |       |     3 |     6 |     2 |    13 |     1 |    11 |    16 ||    52
 Stab: Sleeping          |       |     1 |     1 |     8 |     4 |       |       |     1 |     1 ||    16
       Confused          |       |       |       |     2 |     7 |     9 |     3 |    19 |    17 ||    57
       Distracted        |       |       |       |     3 |       |     1 |     2 |     2 |     3 ||    11
       Invisible         |       |       |       |       |     2 |       |       |       |    13 ||    15
       Betrayed ally     |       |       |       |       |     1 |       |       |       |       ||     1
       Petrified         |       |       |       |       |       |       |     1 |     1 |       ||     2
       Paralysed         |       |       |       |       |       |       |       |     2 |     2 ||     4
  Eat: Chunk             |    14 |    19 |    14 |    53 |   107 |    94 |    72 |    53 |   159 ||   585
       Pizza             |       |       |       |     2 |     2 |     3 |       |     2 |     4 ||    13
       Beef jerky        |       |       |       |     1 |     3 |       |       |     2 |     2 ||     8
       Meat ration       |       |       |       |       |     3 |     1 |       |     4 |     6 ||    14
       Fruit             |       |       |       |       |       |       |       |     1 |       ||     1
       Royal jelly       |       |       |       |       |       |       |       |       |    26 ||    26
       Bread ration      |       |       |       |       |       |       |       |       |     1 ||     1
